 Dungeon Crawl Stone Soup version 0.17-a0-1635-gd4e48f1 (webtiles) character file.

12946061 zkyp the Conqueror (level 27, 273/273 HPs)
             Began as a Hill Orc Fighter on July 31, 2015.
             Was the Champion of the Shining One.
             Escaped with the Orb
             ... and 15 runes on Aug 5, 2015!
             The game lasted 06:43:26 (127438 turns).

zkyp the Conqueror (Hill Orc Fighter)             Turns: 127438, Time: 06:43:26

Health: 273/273    AC: 48    Str: 42    XL:     27
Magic:  64/64      EV: 19    Int: 28    God:    the Shining One [******]
Gold:   11925      SH:  0    Dex: 10    Spells: 9 memorised, 36 levels left

rFire  + + .     SeeInvis .     a - +9 executioner's axe (holy)
rCold  + + .     Clarity  .     g - +12 gold dragon armour
rNeg   + + +     SustAt   .     (no shield)
rPois  +         Gourm    .     r - +3 hat of Pondering {ponderous, MR+ MP+10 Int+5}
rElec  +         Spirit   .     F - -5 cloak of Somewhere Else {rElec Int+4 Slay+3}
rCorr  .         Warding  .     h - +3 pair of gauntlets of War {Slay+5}
rMut   .         Stasis   .     Y - +2 pair of boots {run}
MR     +++..                    V - amulet "Wahofong" {+Fly Regen+ Str+5 Int+2}
Stlth  ..........               D - ring of Prescription {+Fly rF+ Str+7 Int+3 Dex-2}
                                x - ring of Uczun {rC+ Int+6}

@: glowing, extremely resistant to hostile enchantments, extremely unstealthy
A: no striking features
a: Divine Shield, Cleansing Flame, Summon Divine Warrior, Renounce Religion,
Evoke Flight
0: Orb of Zot
}: 15/15 runes: serpentine, barnacled, slimy, silver, golden, iron, obsidian,
icy, bone, abyssal, demonic, glowing, magical, fiery, dark


You escaped.
You worshipped the Shining One.
The Shining One was exalted by your worship.
You were not hungry.

You visited 18 branches of the dungeon, and saw 95 of its levels.
You visited Pandemonium 2 times, and saw 54 of its levels.
You visited the Abyss 3 times.
You visited 3 ziggurats (completing 1), and saw 57 of their levels.
You also visited: Ossuary and Ice Cave.

You collected 18479 gold pieces.
You spent 6202 gold pieces at shops.
You donated 352 gold pieces to Zin.

Inventory:

Hand weapons
 a - a +9 executioner's axe of holy wrath (weapon)
 G - a +9 executioner's axe of flaming
 S - the +10 sword of Jihad {holy, *Rage rN+ EV+3 Stlth-}
   (You found it on level 27 of a ziggurat)

   It has been blessed by the Shining One to cause great damage to the undead
   and demons.
   It affects your evasion (+3).
   It protects you from negative energy.
   It may make you go berserk in combat.
   It makes you less stealthy.
Armour
 d - the +2 shield of Resistance {rF+ rC+ MR+}
   (You found it on level 14 of a ziggurat)

   It protects you from fire.
   It protects you from cold.
   It affects your resistance to hostile enchantments.
 g - a +12 gold dragon armour (worn)
 h - the +3 pair of gauntlets of War (worn) {Slay+5}
   (You found it on level 14 of a ziggurat)

   It affects your accuracy and damage with ranged weapons and melee attacks
   (+5).
 r - the +3 hat of Pondering (worn) {ponderous, MR+ MP+10 Int+5}
   (You took it off Gastronok on level 2 of the Lair of Beasts)

   It affects your intelligence (+5).
   It affects your resistance to hostile enchantments.
   It affects your magic capacity (+10).
 F - the -5 cloak of Somewhere Else (worn) {rElec Int+4 Slay+3}
   (You acquired it on level 1 of the Crypt)

   It affects your intelligence (+4).
   It affects your accuracy and damage with ranged weapons and melee attacks
   (+3).
   It insulates you from electricity.
 R - the +8 orange crystal plate armour {Archmagi, Int+3 Clar SustAt}
   (You found it on level 21 of a ziggurat)

   It affects your intelligence (+3).
   It sustains your strength, intelligence and dexterity.
   It protects you against confusion.
 U - the -2 hat of the Alchemist {rElec rPois rF+ rC+ rN+ MR+ rMut rCorr}
   (You found it on level 12 of a ziggurat)

   It protects you from fire.
   It protects you from cold.
   It insulates you from electricity.
   It protects you from poison.
   It protects you from negative energy.
   It affects your resistance to hostile enchantments.
   It protects you from acid and corrosion.
   It protects you from mutation.
 Y - a +2 pair of boots of running (worn)
Magical staves
 b - an uncursed staff of wizardry {!a}
Jewellery
 n - the ring of Shaolin {EV+8}
   (You found it on level 9 of a ziggurat)

   [ring of evasion]

   It affects your evasion (+8).
 x - the ring of Uczun (left hand) {rC+ Int+6}
   (You found it on level 11 of a ziggurat)

   [ring of protection from cold]

   It affects your intelligence (+6).
   It protects you from cold.
 D - the ring of Prescription (right hand) {+Fly rF+ Str+7 Int+3 Dex-2}
   (You took it off a deep elf death mage on level 3 of the Elven Halls)

   [ring of intelligence]

   It affects your strength (+7).
   It affects your intelligence (+3).
   It affects your dexterity (-2).
   It protects you from fire.
   It lets you fly.
 E - the amulet of the Four Winds {Clar rN+ MR+++}
   (You found it on level 6 of a ziggurat)

   [amulet of clarity]

   It provides mental clarity.
   It protects you from negative energy.
   It affects your resistance to hostile enchantments.
 K - the ring "Xikuogh" {+Blink rF+ rC+ Int+4}
   (You took it off a balrug on level 7 of Gehenna)

   [ring of protection from cold]

   It affects your intelligence (+4).
   It protects you from fire.
   It protects you from cold.
   It lets you blink.
 T - the ring of the Mage {Wiz MR++ Int+3}
   (You found it on level 17 of a ziggurat)

   [ring of wizardry]

   It improves your spell success rate.
   It affects your intelligence (+3).
   It affects your resistance to hostile enchantments.
 V - the amulet "Wahofong" (around neck) {+Fly Regen+ Str+5 Int+2}
   (You found it on level 3 of the Tomb of the Ancients)

   [amulet of regeneration]

   It affects your strength (+5).
   It affects your intelligence (+2).
   It lets you fly.
   It increases your rate of regeneration.
 X - the ring "Siemor" {+Blink Int+3 Dex+3 Slay+5 SInv}
   (You found it on level 16 of a ziggurat)

   [ring of intelligence]

   It affects your intelligence (+3).
   It affects your dexterity (+3).
   It affects your accuracy and damage with ranged weapons and melee attacks
   (+5).
   It lets you see invisible.
   It lets you blink.
Magical devices
 c - a wand of digging (9)
 f - a wand of hasting (2)
 k - a wand of teleportation (7)
 l - a wand of heal wounds (9)
 y - a wand of digging (4)
 B - a wand of heal wounds (3)
 M - a wand of hasting (0)
 O - a wand of disintegration (5)
 P - a wand of teleportation (8)
Scrolls
 i - 8 scrolls of recharging
 j - 12 scrolls of enchant armour
 o - 38 scrolls of teleportation
 p - 27 scrolls of fog
 t - 65 scrolls of remove curse {@r1}
 u - 15 scrolls of magic mapping
 v - 10 scrolls of silence {!r}
 w - 14 scrolls of holy word
 z - 21 scrolls of blinking
 I - 7 scrolls of enchant weapon
 L - 66 scrolls of identify {@r2}
Potions
 m - 5 potions of cure mutation {!q}
 q - 6 potions of cancellation
 s - 37 potions of curing {@q1}
 A - 6 potions of heal wounds
 C - 7 potions of agility
 J - 9 potions of haste
 N - 5 potions of might
 W - 12 potions of berserk rage {!q}
 Z - 6 potions of resistance
Miscellaneous
 H - a stone of tremors
 Q - a crystal ball of energy
Comestibles
 e - 55 bread rations


   Skills:
 O Level 27 Fighting
 O Level 27 Axes
 O Level 27 Armour
 O Level 27 Dodging
 - Level 7.4 Stealth
 - Level 26.1 Shields
 O Level 27 Spellcasting
 O Level 27 Conjurations
 - Level 2.4 Hexes
 - Level 16.8 Charms
 - Level 2.8 Summonings
 - Level 5.0 Translocations
 O Level 27 Fire Magic
 - Level 11.3 Air Magic
 O Level 27 Invocations
 + Level 19.2 Evocations


You had 36 spell levels left.
You knew the following spells:

 Your Spells              Type           Power        Failure   Level  Hunger
a - Apportation           Tloc           ######....   1%          1    None
b - Summon Butterflies    Summ           ######..     1%          1    None
d - Lehudib's Crystal Sp  Conj/Erth      #######...   69%         8    ###....
e - Chain Lightning       Conj/Air       #######...   10%         8    ###....
f - Spectral Weapon       Hex/Chrm       ######..     1%          3    None
g - Deflect Missiles      Chrm/Air       #######...   1%          6    None
h - Haste                 Chrm           #######.     1%          6    None
s - Repel Missiles        Chrm/Air       ######       0%          2    None
x - Fire Storm            Conj/Fire      ########..   12%         9    #####..


Dungeon Overview and Level Annotations

Branches:
Dungeon (15/15)            Temple (1/1) D:6            Lair (8/8) D:10
 Shoals (4/4) Lair:3        Snake (4/4) Lair:4        Slime (6/6) Lair:7
    Orc (4/4) D:9             Elf (3/3) Orc:3        Vaults (5/5) D:14
  Crypt (3/3) Vaults:2       Tomb (3/3) Crypt:3      Depths (5/5) D:15
   Hell (1/1)                 Dis (7/7) Hell            Geh (7/7) Hell
    Coc (7/7) Hell            Tar (7/7) Hell            Zot (5/5) Depths:5

Altars:
Ashenzari
Cheibriados
Dithmenos
Elyvilon
Fedhas
Gozag
Kikubaaqudgha
Makhleb
Nemelex Xobeh
Okawaru
Qazlal
Ru
Sif Muna
Trog
Vehumet
Xom
Yredelemnul
Zin
The Shining One
Beogh
Jiyva
Lugonu

Shops:
D:10 :   D:12 [   Orc:4 [*=(   Elf:1 !   Snake:2 [   Vaults:1 }   Vaults:2 *
Vaults:3 %   Vaults:5 %!!?!!%!   Depths:2 :

Portals:
Hell: Depths:1 Depths:2 Depths:3 Depths:4 Depths:5
Abyss: Depths:1 Depths:4 Depths:5
Pandemonium: Depths:3

Annotations:
D:12 3 runed doors
Shoals:4 exclusion: Roxanne, Roxanne
Orc:3 exclusion: door


Message History

You feel better.
No target in view!
No target in view!
No target in view!
(D) Dungeon (T) Temple (L) Lair (A) Shoals (P) Snake Pit (M) Slime Pits (O) Orcish Mines (E) Elven Halls (V) Vaults (C) Crypt (W) Tomb (U) Depths (H) Hell (I) Dis (G) Gehenna (X) Cocytus (Y) Tartarus (Z) Zot
Where to? (Enter - D:1 @ (x,y), ? - help)
There is a staircase leading out of the dungeon here.
Casting: Fire Storm
Confirm with . or Enter, or press ? or * to list all spells.
The spell is very dangerous to cast!
Continue anyway?
Aiming: Fire Storm
Press: ? - help, Dir - move target cursor
There is a wall there.
Okay, then.
Unknown command.
You have escaped!

.#####..# ###.....## .#
##.##### ##......## .#
#.....# #..############ .#
#####.#######.## #.......
## #.).......# #.......
####.[.##.# #....... #
##...#..#.# #....... ######
#..##.....# #....... .....#
##.####@#..## #)......
####.# #..# ###...#
###....... # #.#####.##
##..###...###### #
#.......#
####....##.######## ##
##...#### ##....##..#.#
#.... .#
#.#..#####..######.#.#
##.### .#
#.##.......#######...###..#
.#
#.###........##......##..##
.####.#
#................#..#####


There were no monsters in sight!

Vanquished Creatures
  Cerebov (Pan)
  Antaeus (Coc:7)
  Asmodeus (Geh:7)
  the royal jelly (Slime:6)
  Ereshkigal (Tar:7)
  Ignacio (Pan)
  Gloorx Vloq (Pan)
  the Serpent of Hell (Tar:7)
  Lom Lobon (Pan)
  Dispater (Dis:7)
  Khufu (Crypt:1)
  15 orbs of fire
  Mara (Elf:3)
  Mennas (Vaults:2)
  15 ancient liches
  47 pandemonium lords
  33 greater mummies
  Boris (Vaults:2)
  19 Killer Klowns
  Norris (Vaults:4)
  Saint Roka (Elf:2)
  21 shard shrikes
  7 curse toes
  6 caustic shrikes
  Geryon (Hell)
  Nikola (Elf:3)
  14 golden dragons
  Jory (Crypt:3)
  A pearl dragon (Pan)
  2 profane servitors
  12 bone dragons
  13 liches
  33 Brimstone Fiends
  4 electric golems
  31 Orb Guardians
  27 Shadow Fiends
  24 tentacled monstrosities
  30 Hell Sentinels
  35 Ice Fiends
  9 hellephants
  A shard shrike skeleton (Crypt:1)
  A quicksilver dragon (shapeshifter) (Zig:20)
  Asterion (Vaults:2)
  7 titans
  3 deep elf blademasters
  A deep elf master archer (Zig:4)
  13 quicksilver dragons
  57 Executioners
  25 acid blobs
  A kraken (Shoals:3)
  3 eldritch tentacles
  24 tentacled starspawn
  14 shadow dragons
  2 sphinxes (shapeshifter)
  Gastronok (Lair:2)
  18 warmongers
  10 sphinxes
  6 octopode crushers
  Frances (D:13)
  15 tengu reavers
  20 ancient champions
  3 thorn hunters
  A storm dragon (shapeshifter) (Zig:13)
  15 azure jellies
  5 draconian monks
  Ilsuiw (Shoals:4)
  24 storm dragons
  Wiglaf (Vaults:4)
  58 greater nagas
  15 deep elf sorcerers
  8 revenants
  11 daevas (Pan)
  Donald (Snake:3)
  2 ghost moths
  36 cacodemons
  Maud (D:14)
  15 frost giants
  16 orc warlords
  17 draconian knights
  66 balrugs
  7 iron dragons
  27 fire giants
  Aizul (Shoals:4)
  5 draconian scorchers
  8 curse skulls
  A caustic shrike zombie (D:15)
  7 draconian shifters
  5 draconian zealots
  24 vault wardens
  12 ghouls
  10 angels
  19 ironheart preservers
  10 draconian annihilators
  A spriggan defender (Depths:5)
  3 ophanim
  71 reapers
  17 vampire knights
  12 green draconians
  3 stone giants (shapeshifter)
  18 lorocyprocas
  16 war gargoyles
  9 apis (Pan)
  23 corrupters (Pan)
  11 bennus
  38 very ugly things
  5 draconian callers
  22 blood saints
  110 starcursed masses
  37 stone giants
  5 elemental wellsprings
  11 white draconians
  13 deep elf demonologists
  8 mottled draconians
  8 black draconians
  4 salamander stormcallers
  7 salamander firebrands
  39 chaos champions
  7 red draconians
  21 black suns
  12 deep elf annihilators
  A dire elephant (shapeshifter) (Zig:14)
  3 purple draconians
  8 yellow draconians
  7 dire elephants
  18 ettins
  46 blizzard demons
  4 eidola
  8 merfolk javelineers
  50 green deaths
  2 crystal guardians
  9 death oozes
  28 mummy priests
  24 fire dragons
  37 vault guards
  6 deep elf high priests
  4 quicksilver dragon zombies
  21 jiangshi
  12 deep elf death magi
  3 kraken zombies
  17 merfolk impalers
  A fire dragon (shapeshifter) (Zig:20)
  A great orb of eyes (shapeshifter) (Zig:14)
  28 great orbs of eyes
  2 minotaurs (Depths:4)
  15 yaktaur captains
  14 rakshasas
  4 entropy weavers
  Fannar (Lair:3)
  9 death cobs
  26 ice dragons
  2 quicksilver dragon skeletons
  28 naga warriors
  40 monstrous demonspawn (Pan)
  37 hydras
  A ghost crab (shapeshifter) (Abyss:5)
  10 spriggan air magi
  8 death knights
  A caustic shrike simulacrum (Depths:4)
  22 hell beasts
  4 ghost crabs
  12 alligators
  14 anacondas
  12 catoblepae
  An alligator (shapeshifter) (Vaults:5)
  8 merfolk avatars
  5 alligator snapping turtles
  19 dancing weapons
  22 deep troll shamans
  An alligator snapping turtle (shapeshifter) (Zig:20)
  8 tengu warriors
  12 merfolk aquamancers
  15 vampire magi
  19 deep troll earth magi
  14 orc high priests
  4 spriggan berserkers (Depths:5)
  32 shock serpents
  12 death yaks
  A satyr (Shoals:3)
  7 centaur warriors
  16 ogre magi
  3 titan zombies
  45 thrashing horrors
  81 sun demons
  30 deep elf knights
  A fire crab (shapeshifter) (Abyss:5)
  39 naga sharpshooters
  7 storm dragon zombies
  14 unseen horrors
  33 hell knights
  38 soul eaters
  15 hell hogs
  7 titan skeletons
  22 wretched stars
  17 shadow wraiths
  6 holy swine (Pan)
  11 iron trolls
  11 death scarabs
  5 storm dragon skeletons
  9 salamander mystics
  119 skeletal warriors
  5 golden dragon zombies
  39 shadow demons
  6 spatial maelstroms (Abyss:5)
  5 anaconda zombies
  4 cherubim
  4 ball lightnings (Pan)
  45 gelid demonspawn
  41 ice devils
  A sea snake (shapeshifter) (Zig:20)
  A giant orange brain (shapeshifter) (Vaults:5)
  4 fire crabs
  17 swamp dragons
  6 death drakes
  3 harpies (shapeshifter)
  49 deep trolls
  14 deep elf summoners
  4 spriggan druids
  20 naga ritualists
  22 sea snakes
  A ghost moth zombie (Coc:5)
  An ice statue (IceCv)
  31 putrid demonspawn (Pan)
  An anubis guard (shapeshifter) (Zig:20)
  39 infernal demonspawn (Pan)
  A sphinx zombie (Zig:12)
  4 shadow dragon zombies
  19 wizards
  Pikel (D:5)
  33 anubis guards
  3 shambling mangroves
  A swamp dragon (shapeshifter) (Vaults:5)
  2 tengu zombies
  22 necromancers
  2 orb spiders
  20 mana vipers
  6 hill giants
  3 anaconda skeletons
  11 flayed ghosts
  A lindwurm (shapeshifter) (Zig:13)
  27 deep elf conjurers
  15 ironbrand convokers
  14 giant orange brains
  19 phantasmal warriors
  4 golden dragon skeletons
  26 torturous demonspawn
  22 harpies
  55 ugly things
  17 griffons
  23 orc knights
  4 iron dragon zombies
  16 orc sorcerers
  8 shadow dragon skeletons
  4 wolf spiders
  A tengu skeleton (Zig:12)
  A sphinx skeleton (Zig:12)
  13 manticores
  A shining eye (shapeshifter) (Zig:21)
  5 frost giant zombies
  3 mana vipers (shapeshifter)
  4 wolf spider zombies
  10 oklob plants
  16 water nymphs
  13 fire giant zombies
  A moth of wrath (shapeshifter) (Elf:1)
  6 cyclopes
  3 stone giant zombies
  9 shining eyes
  2 fauns (shapeshifter)
  3 stone giant skeletons
  4 fauns (Shoals:1)
  28 salamanders
  2 toenail golems
  A shock serpent zombie (Geh:7)
  8 elephants
  A guardian serpent (shapeshifter) (Vaults:4)
  3 hornets (shapeshifter)
  8 sirens
  64 sixfirhies
  3 dire elephant zombies
  2 manticores (shapeshifter)
  7 iron dragon skeletons
  A cyclops (shapeshifter) (Zig:20)
  8 worldbinders
  8 hornets
  5 fire giant skeletons
  4 frost giant skeletons
  3 centaur zombies
  Joseph (D:8)
  13 molten gargoyles
  A titan simulacrum (Abyss:5)
  153 smoke demons
  2 eyes of devastation (shapeshifter)
  27 moths of wrath
  2 elephants (shapeshifter)
  93 orange demons
  An octopode (shapeshifter) (Vaults:2)
  A torpor snail (shapeshifter) (Zig:20)
  80 black mambas
  49 rust devils
  15 vault sentinels
  2 eyes of devastation
  3 torpor snails
  55 naga magi
  A catoblepas zombie (Coc:5)
  36 hellions
  An orange crystal statue (Zig:11)
  18 apocalypse crabs
  A black mamba (shapeshifter) (Vaults:2)
  43 spiny frogs
  21 guardian serpents
  3 shock serpent skeletons
  2 kobold demonologists
  A pale draconian zombie (Crypt:1)
  83 yaktaurs
  2 spiny frogs (shapeshifter) (Abyss:5)
  28 efreet
  12 komodo dragons
  3 emperor scorpion zombies
  106 red devils
  13 demonic crawlers
  16 deep elf priests
  12 fire drakes
  54 guardian mummies
  An anaconda simulacrum (Abyss:5)
  7 tengu conjurers
  41 freezing wraiths
  17 hydra zombies
  A mottled draconian skeleton (Crypt:2)
  A yaktaur skeleton (Zig:2)
  A harpy zombie (Geh:7)
  5 silent spectres
  54 tormentors
  2 trolls (shapeshifter)
  4 giant leeches
  24 ancient zymes
  139 hellwings
  A queen ant zombie (Crypt:2)
  14 trolls
  A spriggan skeleton (Zig:4)
  128 slime creatures
  3 shadow dragon simulacra
  16 polar bears
  5 hydra skeletons
  A tengu simulacrum (Vaults:3)
  34 blue devils
  56 merfolk
  A queen bee (shapeshifter) (Vaults:4)
  A jumping spider (Depths:1)
  3 wind drakes
  40 raiju
  38 blink frogs
  10 alligator zombies
  An iron dragon simulacrum (Hell)
  21 two-headed ogres
  3 ice dragon zombies
  8 boulder beetles
  A fire giant simulacrum (Abyss:5)
  3 harpy skeletons
  4 ettin zombies
  A death drake skeleton (Crypt:1)
  A fire dragon zombie (Crypt:3)
  31 ushabtiu
  A boulder beetle (shapeshifter) (Elf:2)
  12 snapping turtles
  104 flying skulls
  16 bog bodies
  A guardian serpent zombie (Crypt:2)
  7 spriggans
  A wolf spider simulacrum (Abyss:5)
  An elf zombie (Depths:4)
  26 shadows
  A blink frog (shapeshifter) (Depths:1)
  2 deep troll zombies (D:15)
  2 spriggan zombies (Zig:9)
  98 ynoxinuls
  3 ice dragon skeletons
  A black mamba zombie (Geh:5)
  2 alligator skeletons
  19 vampires
  6 wyverns
  A fire dragon skeleton (Coc:7)
  12 air elementals
  2 trapdoor spiders
  4 ettin skeletons
  7 redbacks
  An elf simulacrum (Zig:11)
  4 hungry ghosts
  34 wraiths
  71 yaks
  The ghost of karlkraus the Shield-Bearer, an average MiFi (D:4)
  A griffon skeleton (Crypt:1)
  19 hippogriffs
  A spriggan (shapeshifter) (Zig:20)
  20 water elementals
  10 basilisks
  46 deep elf magi
  104 neqoxecs
  A hog (shapeshifter) (Vaults:3)
  2 tarantellas (Vaults:4)
  20 golden eyes
  A human (shapeshifter) (Vaults:1)
  A basilisk (shapeshifter) (D:13)
  2 steam dragons (Zig:13)
  43 deep elf fighters
  2 yaktaur simulacra
  A hippogriff (shapeshifter) (Vaults:5)
  23 chaos spawn
  59 nagas
  2 soldier ants
  14 spatial vortices (Abyss:5)
  2 merfolk zombies
  A naga (shapeshifter) (Abyss:5)
  15 fire elementals
  30 humans
  27 vampire mosquitoes
  12 insubstantial wisps
  A gelid demonspawn zombie (Crypt:1)
  3 torturous demonspawn zombies
  37 wolves
  31 water moccasins
  A human zombie (Zig:2)
  10 wargs
  13 porcupines
  A warg (shapeshifter) (Vaults:1)
  4 mottled dragons
  66 hell hounds
  6 sky beasts
  67 orc warriors
  10 spiny frog zombies
  A hydra simulacrum (Hell)
  155 large abominations
  3 spiny frog skeletons
  14 ice beasts
  7 swamp drakes
  An alligator simulacrum (Coc:4)
  A lindwurm zombie (Crypt:2)
  A snapping turtle zombie (Tomb:1)
  2 black bears (Lair:8)
  A ghost crab zombie (Crypt:1)
  15 wasps
  17 necrophages
  56 ogres
  11 eyes of draining
  2 snapping turtle skeletons
  A boggart (Depths:2)
  6 phantoms
  20 crocodiles
  25 centaurs
  31 small abominations
  3 swamp dragon skeletons
  6 big kobolds
  An elephant skeleton (Crypt:3)
  5 brain worms
  19 giant frogs
  A dryad zombie (Crypt:3)
  2 spiny frog simulacra (Hell)
  A gnoll sergeant (D:9)
  A scorpion (D:10)
  A wyvern skeleton (D:8)
  63 wights
  A troll zombie (Coc:5)
  A wolf zombie (Crypt:3)
  2 lava snakes (D:12)
  6 electric eels
  2 quasits
  22 crimson imps
  37 jellies
  2 giant frog zombies
  31 orc priests
  3 giant frog skeletons
  4 iguanas
  4 hounds
  A human simulacrum (Vaults:2)
  5 centaur skeletons
  19 iron imps
  6 worker ants
  37 orc wizards
  A human skeleton (Coc:7)
  A lightning spire (Zig:10)
  34 sheep
  A killer bee zombie (D:9)
  2 big kobold zombies (Ossuary)
  A naga skeleton (Crypt:3)
  3 hound skeletons
  72 mummies
  2 worker ant zombies
  28 gnolls
  7 adders
  78 river rats
  25 white imps
  7 shadow imps
  An ufetubus (D:7)
  An adder zombie (Ossuary)
  4 oozes
  3 worms
  234 orcs
  6 giant cockroaches
  35 goblins
  36 hobgoblins
  12 jackals
  4 ball pythons
  4 bats
  2 giant geckos
  8 giant newts
  2 giant newt skeletons (Crypt:3)
  A goblin zombie (Ossuary)
  7 hobgoblin zombies (Ossuary)
  4 jackal zombies
  11 kobolds
  16 kobold zombies
  An orc skeleton (Geh:5)
  7 orc zombies (Ossuary)
  9 quokkas
  A quokka zombie (D:7)
  5 rats
  3 rat zombies
  8 briar patches
  2 bushes (Elf:2)
  2 crawling corpses (Vaults:5)
  2 fire vortices (Pan)
  A fulminant prism (Pan)
  7 fungi
  2 lurking horrors
  7 plants
  27 starspawn tentacles
  10 tentacles
8139 creatures vanquished.

Vanquished Creatures (collateral kills)
  Mnoleg (Pan)
  A pandemonium lord (Zig:20)
  A Killer Klown (Zig:20)
  2 liches (Tomb:1)
  A Shadow Fiend (Zig:22)
  A thorn hunter (Zig:10)
  2 sphinxes (Tomb:1)
  An ancient champion (Tomb:1)
  3 greater nagas
  An orc warlord (Zig:26)
  A frost giant (Zig:11)
  A fire giant (Zig:25)
  2 cacodemons (Pan)
  A reaper (Zig:12)
  A very ugly thing (Pan)
  A blood saint (Zig:24)
  A blizzard demon (Zig:12)
  2 mummy priests (Tomb:1)
  A hell beast (Zig:22)
  2 vampire magi (Zig:17)
  A naga sharpshooter (Zig:18)
  An orc high priest (Zig:26)
  A swamp dragon (Zig:16)
  A spriggan druid (Zig:10)
  An anubis guard (Tomb:1)
  An orc sorcerer (Zig:26)
  4 ugly things (Pan)
  2 moths of wrath (Zig:26)
  A black mamba (Snake:2)
  A spiny frog (Zig:16)
  A guardian mummy (Tomb:1)
  A fire dragon zombie (Tomb:1)
  An ushabti (Tomb:1)
  A bog body (Zig:16)
  A blink frog (Zig:27)
  2 flying skulls (Tomb:1)
  2 hippogriffs (Zig:27)
  4 neqoxecs (Pan)
  A naga (Snake:2)
  5 large abominations
  2 starcursed masses (Zig:21)
  A sheep (Zig:27)
  A mummy (Tomb:1)
  2 starspawn tentacles (Zig:21)
66 creatures vanquished.

Vanquished Creatures (others)
  A pandemonium lord (Pan)
  An ancient lich (Tomb:2)
  A lich (Crypt:3)
  An Orb Guardian (Zot:5)
  2 deep elf master archers (Elf:3)
  2 eldritch tentacles
  A tengu reaver (Vaults:5)
  2 fire giants (Zig:25)
  A cacodemon (Zig:22)
  A draconian scorcher (Zot:2)
  A vault warden (Vaults:5)
  A draconian annihilator (Zot:2)
  Nessos (D:15)
  A yellow draconian (Zot:5)
  A bennu (Zig:10)
  2 green deaths (Zig:15)
  A vault guard (Vaults:5)
  A deep elf death mage (Depths:5)
  A fire dragon (Zig:25)
  A deep elf high priest (Depths:5)
  2 ice dragons
  A hydra (Zig:15)
  3 yaktaur captains
  A naga warrior (Zig:14)
  4 alligators
  A dancing weapon (Elf:2)
  An ogre mage (Vaults:3)
  A titan zombie (Zig:7)
  A deep troll earth mage (Depths:3)
  4 naga sharpshooters (Snake:4)
  A deep elf knight (Elf:1)
  A salamander mystic (Zig:24)
  8 ball lightnings (Pan)
  A naga ritualist (Snake:4)
  2 giant orange brains (Pan)
  A spriggan druid (Zig:15)
  A sixfirhy (Abyss:5)
  A moth of wrath (Zot:2)
  A fire giant skeleton (Zig:5)
  2 black mambas
  A spiny frog (Zig:15)
  A vault sentinel (Zig:9)
  A hellion (Geh:7)
  14 yaktaurs
  A guardian mummy (Tomb:1)
  A harpy zombie (Tomb:2)
  A fire drake (Zig:25)
  A deep elf priest (Elf:2)
  An ice dragon zombie (Dis:7)
  A slime creature (Vaults:1)
  An ushabti (Tomb:2)
  A flying skull (Coc:5)
  An ettin skeleton (Geh:7)
  A ynoxinul (Pan)
  4 golden eyes (Abyss:5)
  2 deep elf magi (Elf:3)
  A neqoxec (Pan)
  A chaos spawn (Abyss:5)
  2 nagas
  A water moccasin (Zig:7)
  A warg (Orc:4)
  2 hell hounds
  3 large abominations (Abyss:5)
  A swamp drake (Zig:5)
  2 orc warriors
  A wasp (Depths:5)
  An ogre (Vaults:1)
  4 centaurs
  2 small abominations (Abyss:5)
  An orc priest (Elf:2)
  A starcursed mass (Abyss:1)
  2 mummies (Tomb:2)
  A river rat (Lair:1)
  2 orcs (Zig:26)
  7 briar patches
  185 eldritch tentacle segments
  381 fire vortices
  2 fulminant prisms (Pan)
  4 fungi
  8 lost souls
  4 lurking horrors
  14 pillars of salt
  16 plants
  A spectral weapon (Zig:18)
  40 starspawn tentacles
  490 starspawn tentacle segments
  14 tentacles
  331 tentacle segments
1621 creatures vanquished.

Grand Total: 9826 creatures vanquished

Notes
Turn   | Place    | Note
--------------------------------------------------------------
     0 | D:1      | zkyp the Hill Orc Fighter began the quest for the Orb.
     0 | D:1      | Reached XP level 1. HP: 19/19 MP: 1/1
   109 | D:1      | Reached XP level 2. HP: 23/26 MP: 2/2
   130 | D:1      | Reached skill level 4 in Axes
   157 | D:1      | Reached XP level 3. HP: 7/31 MP: 3/3
   578 | D:1      | Reached skill level 5 in Axes
  1007 | D:2      | Found a faded altar to an unknown god.
  1019 | D:2      | Reached XP level 4. HP: 36/39 MP: 4/4
  1020 | D:2      | Became a worshipper of Elyvilon the Healer
  1020 | D:2      | Acquired Elyvilon's first power
  1318 | D:2      | Found a glowing silver altar of Zin.
  1321 | D:2      | Fell from the grace of Elyvilon
  1321 | D:2      | Became a worshipper of Zin the Law-Giver
  1321 | D:2      | Acquired Zin's first power
  1372 | D:3      | Found a shimmering altar of Xom.
  1707 | D:3      | Reached skill level 6 in Axes
  2034 | D:3      | Reached XP level 5. HP: 44/46 MP: 5/5
  2319 | D:3      | Noticed a big kobold
  2332 | D:3      | Reached skill level 7 in Axes
  2351 | D:3      | Killed a big kobold
  2351 | D:3      | Reached skill level 5 in Fighting
  2351 | D:3      | Reached XP level 6. HP: 46/56 MP: 6/6
  2360 | D:3      | Acquired Zin's second power
  2713 | D:4      | Found a shadowy altar of Dithmenos.
  2917 | D:4      | Noticed karlkraus's ghost (average MiFi)
  2944 | D:4      | Killed karlkraus's ghost
  2944 | D:4      | Reached skill level 8 in Axes
  2944 | D:4      | Reached XP level 7. HP: 38/62 MP: 7/7
  3604 | D:5      | Entered Level 5 of the Dungeon
  3615 | D:5      | Noticed Pikel
  3628 | D:5      | Killed Pikel
  3628 | D:5      | Reached skill level 11 in Axes
  3628 | D:5      | Reached XP level 8. HP: 46/70 MP: 8/8
  3888 | D:5      | Acquired Zin's third power
  3978 | D:5      | Found a sacrificial altar of Ru.
  4271 | D:6      | Found a sand-covered staircase.
  4326 | Ossuary  | Entered an ossuary
  4616 | D:6      | Found a staircase to the Ecumenical Temple.
  4681 | D:6      | Found a snail-covered altar of Cheibriados.
  4855 | D:6      | Reached skill level 12 in Axes
  5317 | D:6      | Found a sparkling altar of Nemelex Xobeh.
  5478 | D:7      | Reached XP level 9. HP: 45/75 MP: 9/9
  5715 | D:7      | Reached skill level 5 in Armour
  5771 | D:7      | Acquired Zin's fourth power
  6089 | D:7      | Reached skill level 5 in Shields
  6812 | D:8      | Noticed Joseph
  6819 | D:8      | Killed Joseph
  7674 | D:9      | Found a staircase to the Orcish Mines.
  7691 | D:9      | Reached XP level 10. HP: 67/83 MP: 10/10
  7995 | D:9      | Found a roughly hewn altar of Beogh.
  8533 | D:10     | Entered Level 10 of the Dungeon
  8602 | D:10     | Noticed an unseen horror
  8606 | D:10     | Killed an unseen horror
  8606 | D:10     | Reached skill level 10 in Shields
  8643 | D:10     | Found a staircase to the Lair.
  8780 | D:10     | Found Goahy's Book Boutique.
  8868 | D:10     | Reached skill level 1 in Invocations
  8992 | D:10     | Reached XP level 11. HP: 89/89 MP: 12/12
  9169 | Lair:1   | Entered Level 1 of the Lair of Beasts
  9878 | Lair:1   | Reached skill level 13 in Shields
 10381 | Lair:2   | Noticed Gastronok
 10399 | Lair:2   | Killed Gastronok
 10480 | Lair:2   | Reached skill level 14 in Axes
 11028 | Lair:3   | Reached skill level 15 in Axes
 11067 | Lair:3   | Found a frozen archway.
 11109 | IceCv    | Entered an ice cave
 11163 | IceCv    | Reached XP level 12. HP: 96/96 MP: 13/13
 11317 | IceCv    | Noticed a death yak
 11392 | IceCv    | Killed a death yak
 11520 | IceCv    | Reached skill level 5 in Invocations
 11601 | IceCv    | Noticed an ice statue
 11630 | IceCv    | Killed an ice statue
 11841 | IceCv    | Noticed a frost giant
 11858 | IceCv    | Killed a frost giant
 11868 | IceCv    | Reached skill level 16 in Axes
 11868 | IceCv    | Reached XP level 13. HP: 48/107 MP: 15/17
 12371 | Lair:3   | Found a staircase to the Shoals.
 12372 | Lair:3   | Noticed Fannar
 12387 | Lair:3   | Killed Fannar
 12387 | Lair:3   | Reached skill level 10 in Armour
 12832 | Lair:3   | Got a transparent pewter ring
 13572 | Lair:4   | Found a staircase to the Snake Pit.
 13994 | Lair:5   | Reached skill level 10 in Fighting
 14029 | Lair:5   | Identified the ring of Moderation {rC+ Int+3} (You found it on level 3 of the Lair of Beasts)
 15378 | Lair:6   | Reached skill level 15 in Shields
 15378 | Lair:6   | Reached XP level 14. HP: 81/122 MP: 21/21
 15464 | Lair:7   | Reached skill level 10 in Invocations
 16600 | Lair:8   | Entered Level 8 of the Lair of Beasts
 18218 | Orc:1    | Entered Level 1 of the Orcish Mines
 18959 | Orc:3    | Found a deep blue altar of Sif Muna.
 19077 | Orc:3    | Found a roughly hewn altar of Beogh.
 19158 | Orc:3    | Found a staircase to the Elven Halls.
 19385 | Orc:2    | Found a runed door.
 19744 | Orc:2    | Found a roughly hewn altar of Beogh.
 20149 | Orc:4    | Entered Level 4 of the Orcish Mines
 20327 | Orc:4    | Noticed an orc warlord
 20327 | Orc:4    | Found Wissam's General Store.
 20329 | Orc:4    | Paralysed by an orc sorcerer for 3 turns
 20491 | Orc:4    | Killed an orc warlord
 20491 | Orc:4    | Reached XP level 15. HP: 99/132 MP: 25/25
 20517 | Orc:4    | Paralysed by an orc sorcerer for 7 turns
 20613 | Orc:4    | Bought a potion of might for 56 gold pieces
 20613 | Orc:4    | Bought a scroll of fear for 49 gold pieces
 20622 | Orc:4    | Found Lito's Jewellery Boutique.
 20713 | Orc:4    | Found Leurusk's Antique Weapon Emporium.
 20795 | Orc:4    | Reached skill level 15 in Invocations
 20805 | Orc:4    | Found Essos's Antique Armour Shoppe.
 20835 | Orc:4    | Bought a smoking chain mail for 285 gold pieces
 20845 | Orc:4    | Identified the +8 chain mail of Midnight {rPois} (You bought it in a shop on level 4 of the Orcish Mines)
 21368 | Snake:1  | Entered Level 1 of the Snake Pit
 21863 | Snake:1  | Reached skill level 1 in Dodging
 22454 | Snake:2  | Found Elibef's Antique Armour Shoppe.
 22463 | Snake:2  | Bought a glowing cloak for 139 gold pieces
 22575 | Snake:2  | Noticed a greater naga
 22598 | Snake:2  | Killed a greater naga
 23823 | Snake:2  | Reached XP level 16. HP: 124/139 MP: 28/28
 24160 | Snake:3  | Noticed Donald
 24180 | Snake:3  | Killed Donald
 25040 | Snake:4  | Entered Level 4 of the Snake Pit
 25054 | Snake:4  | Reached skill level 5 in Dodging
 25610 | Snake:4  | Reached skill level 15 in Armour
 26035 | Snake:4  | Reached XP level 17. HP: 144/148 MP: 27/29
 26570 | Snake:4  | Got a serpentine rune of Zot
 27234 | Snake:4  | Reached skill level 17 in Armour
 27598 | Shoals:1 | Entered Level 1 of the Shoals
 28898 | Shoals:2 | Reached skill level 18 in Armour
 29205 | Shoals:2 | Reached XP level 18. HP: 138/161 MP: 30/30
 29421 | Shoals:3 | Found a bloodstained altar of Trog.
 29634 | Shoals:3 | Found a basalt altar of Yredelemnul.
 29823 | Shoals:4 | Entered Level 4 of the Shoals
 29823 | Shoals:4 | Noticed Roxanne
 29884 | Shoals:4 | Noticed Aizul
 29898 | Shoals:4 | Killed Aizul
 30118 | Shoals:4 | Noticed Ilsuiw
 30171 | Shoals:4 | Killed Ilsuiw
 30171 | Shoals:4 | Reached skill level 15 in Fighting
 30371 | Shoals:4 | Reached skill level 19 in Armour
 31196 | Shoals:4 | Got a barnacled rune of Zot
 32036 | Elf:1    | Entered Level 1 of the Elven Halls
 32281 | Elf:1    | Found Seucvent's Distillery.
 32306 | Elf:1    | Bought a potion of curing for 57 gold pieces
 32306 | Elf:1    | Bought a potion of heal wounds for 95 gold pieces
 32306 | Elf:1    | Bought a potion of curing for 57 gold pieces
 32306 | Elf:1    | Bought a potion of agility for 76 gold pieces
 32306 | Elf:1    | Bought a potion of might for 76 gold pieces
 32801 | Elf:1    | Reached skill level 20 in Armour
 32956 | Elf:1    | Reached XP level 19. HP: 167/172 MP: 31/31
 33361 | Elf:2    | Noticed Saint Roka
 33384 | Elf:2    | Killed Saint Roka
 34086 | Elf:2    | Found a huge runed gate.
 34086 | Elf:2    | Found a huge runed gate.
 34086 | Elf:2    | Found a huge runed gate.
 34088 | Elf:2    | Found a huge runed gate.
 34089 | Elf:2    | Found a huge runed gate.
 34715 | Elf:3    | Entered Level 3 of the Elven Halls
 34717 | Elf:3    | Noticed Nikola
 34731 | Elf:3    | Killed Nikola
 34884 | Elf:3    | Found Saruocat's Food Emporium.
 34891 | Elf:3    | Bought a bread ration for 60 gold pieces
 34891 | Elf:3    | Bought a meat ration for 60 gold pieces
 34891 | Elf:3    | Bought a bread ration for 60 gold pieces
 34891 | Elf:3    | Bought a bread ration for 60 gold pieces
 34891 | Elf:3    | Bought a bread ration for 60 gold pieces
 34891 | Elf:3    | Bought a bread ration for 60 gold pieces
 34896 | Elf:3    | Bought 3 fruits for 54 gold pieces
 34896 | Elf:3    | Bought 5 fruits for 90 gold pieces
 34896 | Elf:3    | Bought a beef jerky for 18 gold pieces
 34920 | Elf:3    | Noticed Mara
 34931 | Elf:3    | Noticed zkyp's illusion
 34935 | Elf:3    | Killed Mara
 35902 | Elf:3    | Reached XP level 20. HP: 152/182 MP: 32/32
 36444 | Elf:3    | Got a scorched silver ring
 36445 | Elf:3    | Got an ichor-stained battleaxe
 36450 | Elf:3    | Identified the ring of Muzxor {rPois rC+} (You took it off a deep elf priest on level 3 of the Elven Halls)
 36457 | Elf:3    | Identified the +7 battleaxe of Intuition {freeze, Str+2} (You took it off a deep elf priest on level 3 of the Elven Halls)
 36525 | Elf:3    | Reached skill level 21 in Axes
 36766 | Elf:3    | Got an ancient amber ring
 36772 | Elf:3    | Got a fine turquoise ring
 36779 | Elf:3    | Identified the Handbook of Aerial Aid
 36851 | Elf:3    | Identified the ring of Prescription {+Fly rF+ Str+7 Int+3 Dex-2} (You took it off a deep elf death mage on level 3 of the Elven Halls)
 36853 | Elf:3    | Identified the cursed ring "Fiwuicudyit" {EV-3 Stlth+} (You took it off a deep elf demonologist on level 3 of the Elven Halls)
 38167 | D:12     | Found Cioreasm's Armour Emporium.
 38620 | D:12     | Found a runed gate.
 38620 | D:12     | Found a runed gate.
 38620 | D:12     | Found a runed gate.
 38683 | D:12     | Found a runed gate.
 38683 | D:12     | Found a runed gate.
 38683 | D:12     | Found a runed gate.
 39225 | D:13     | Noticed Frances
 39235 | D:13     | Killed Frances
 39558 | D:14     | Found a gate to the Vaults.
 39711 | D:14     | Noticed Maud
 39721 | D:14     | Killed Maud
 39759 | D:14     | Found a shattered altar of Ashenzari.
 40292 | D:15     | Entered Level 15 of the Dungeon
 40396 | D:15     | Found a staircase to the Depths.
 40549 | D:15     | Found a blossoming altar of Fedhas.
 40632 | D:15     | Noticed Nessos
 40642 | D:15     | Killed Nessos
 41025 | Vaults:1 | Entered Level 1 of the Vaults
 41047 | Vaults:1 | Found Ytsirud's Gadget Shoppe.
 41079 | Vaults:1 | Bought a wand of polymorph (12) for 196 gold pieces
 41080 | Vaults:1 | Bought a wand of cold (7) for 308 gold pieces
 41102 | Vaults:1 | Reached XP level 21. HP: 198/200 MP: 33/33
 42806 | Vaults:2 | Reached skill level 22 in Fighting
 43237 | Vaults:2 | Noticed Mennas
 43280 | Vaults:2 | Killed Mennas
 43641 | Vaults:2 | Found Usuokeon's Assorted Antiques.
 43659 | Vaults:2 | Reached XP level 22. HP: 170/217 MP: 34/34
 43666 | Vaults:2 | Bought a spiked plate armour for 756 gold pieces
 43666 | Vaults:2 | Bought a scroll of identify for 54 gold pieces
 43666 | Vaults:2 | Bought a scroll of enchant weapon for 202 gold pieces
 43666 | Vaults:2 | Bought a runed lead wand for 108 gold pieces
 43666 | Vaults:2 | Bought a potion of curing for 81 gold pieces
 43683 | Vaults:2 | Identified the +9 plate armour of the Game Afoot {*Drain rN+ Int+2 Stlth+} (You bought it in a shop on level 2 of the Vaults)
 43883 | Vaults:2 | Reached skill level 23 in Fighting
 43891 | Vaults:2 | Noticed Boris
 43903 | Vaults:2 | Killed Boris
 44000 | Vaults:2 | Noticed Asterion
 44010 | Vaults:2 | Killed Asterion
 44070 | Vaults:2 | Found a staircase to the Crypt.
 44144 | Crypt:1  | Entered Level 1 of the Crypt
 44834 | Crypt:1  | Noticed a greater mummy
 44870 | Crypt:1  | Killed a greater mummy
 45085 | Crypt:1  | Identified a scroll of acquirement
 45087 | Crypt:1  | Got a smoking cloak
 45098 | Crypt:1  | Identified the -5 cloak of Somewhere Else {rElec Int+4 Slay+3} (You acquired it on level 1 of the Crypt)
 45510 | Crypt:1  | Noticed Khufu
 45536 | Crypt:1  | Killed Khufu
 45771 | Crypt:1  | Noticed a greater mummy
 45796 | Crypt:1  | Killed a greater mummy
 46173 | Crypt:1  | Noticed a greater mummy
 46181 | Crypt:1  | Killed a greater mummy
 47253 | Crypt:2  | Got a translucent hat
 47264 | Crypt:2  | Identified the +2 hat "Fept" {Dex+4} (You found it on level 2 of the Crypt)
 47672 | Crypt:3  | Entered Level 3 of the Crypt
 47712 | Crypt:3  | Reached XP level 23. HP: 203/229 MP: 35/35
 47855 | Crypt:3  | Reached skill level 24 in Fighting
 48427 | Crypt:3  | Noticed Jory
 48449 | Crypt:3  | Killed Jory
 48917 | Crypt:3  | Found a staircase to the Tomb.
 49212 | Crypt:3  | Found a basalt altar of Yredelemnul.
 49214 | Crypt:3  | Noticed a curse toe
 49217 | Crypt:3  | Killed a curse toe
 49362 | Crypt:3  | Found an ancient bone altar of Kikubaaqudgha.
 49912 | Vaults:3 | Found Emuabri's Food Emporium.
 49920 | Vaults:3 | Bought a meat ration for 65 gold pieces
 49920 | Vaults:3 | Bought a bread ration for 65 gold pieces
 49920 | Vaults:3 | Bought a bread ration for 65 gold pieces
 49920 | Vaults:3 | Bought a meat ration for 65 gold pieces
 49920 | Vaults:3 | Bought a meat ration for 65 gold pieces
 49920 | Vaults:3 | Bought 4 fruits for 78 gold pieces
 50016 | Vaults:3 | Reached XP level 24. HP: 240/240 MP: 35/35
 50612 | Vaults:3 | Reached skill level 25 in Fighting
 50786 | Vaults:4 | Noticed Wiglaf
 50792 | Vaults:4 | Noticed Norris
 50803 | Vaults:4 | Killed Wiglaf
 50830 | Vaults:4 | Killed Norris
 51817 | Vaults:4 | Reached skill level 10 in Dodging
 52299 | Vaults:5 | Entered Level 5 of the Vaults
 52532 | Vaults:5 | Reached XP level 25. HP: 203/250 MP: 35/35
 53192 | Vaults:5 | Found Kiakogiug's Food Shoppe.
 53196 | Vaults:5 | Got a silver rune of Zot
 53215 | Vaults:5 | Found Muime Ciboo's Distillery.
 53401 | Vaults:5 | Bought a potion of resistance for 220 gold pieces
 53401 | Vaults:5 | Bought a potion of agility for 88 gold pieces
 53731 | Vaults:5 | Got a heavily runed lapis lazuli ring
 53732 | Vaults:5 | Identified the ring "Xowof" {+/*Tele Str-3 Int+5 Dex+5} (You found it on level 5 of the Vaults)
 53772 | Vaults:5 | Got a shimmering scale mail
 53773 | Vaults:5 | Identified the cursed +1 scale mail "Plog" {Str+6 SInv} (You found it on level 5 of the Vaults)
 53938 | Vaults:5 | Got a pitted jade ring
 53939 | Vaults:5 | Identified the ring of Udaawun {rC+ Int+4} (You found it on level 5 of the Vaults)
 54182 | Vaults:5 | Found Dyaqog's Distillery.
 54182 | Vaults:5 | Found Ukinliun's Food Emporium.
 54186 | Vaults:5 | Bought a potion of resistance for 150 gold pieces
 54186 | Vaults:5 | Bought a potion of resistance for 150 gold pieces
 54194 | Vaults:5 | Found Osannyes's Distillery.
 54201 | Vaults:5 | Bought a potion of heal wounds for 60 gold pieces
 54201 | Vaults:5 | Bought a potion of resistance for 120 gold pieces
 54201 | Vaults:5 | Bought a potion of agility for 48 gold pieces
 54201 | Vaults:5 | Bought a potion of agility for 48 gold pieces
 54298 | Vaults:5 | Found Fueruez's Distillery.
 54302 | Vaults:5 | Bought a potion of might for 60 gold pieces
 54302 | Vaults:5 | Bought 2 potions of might for 120 gold pieces
 54302 | Vaults:5 | Bought a potion of haste for 150 gold pieces
 54302 | Vaults:5 | Bought a potion of might for 60 gold pieces
 54312 | Vaults:5 | Found Pamp's Magic Scroll Shop.
 54312 | Vaults:5 | Found Kuffyco's Distillery.
 54316 | Vaults:5 | Bought a scroll of enchant armour for 127 gold pieces
 54316 | Vaults:5 | Bought a scroll of recharging for 161 gold pieces
 54316 | Vaults:5 | Bought a scroll of magic mapping for 59 gold pieces
 54316 | Vaults:5 | Bought a scroll of summoning for 161 gold pieces
 54323 | Vaults:5 | Bought a potion of haste for 200 gold pieces
 54323 | Vaults:5 | Bought a potion of haste for 200 gold pieces
 54323 | Vaults:5 | Bought a potion of might for 80 gold pieces
 54323 | Vaults:5 | Bought a potion of might for 80 gold pieces
 54408 | Vaults:5 | Got a translucent executioner's axe
 54409 | Vaults:5 | Identified the +1 executioner's axe of Internal Strife {drain, rC+ rN+ MP+9} (You took it off a vault warden on level 5 of the Vaults)
 54894 | Depths:1 | Entered Level 1 of the Depths
 54933 | Depths:1 | Reached skill level 26 in Fighting
 55038 | Depths:1 | Reached XP level 26. HP: 234/261 MP: 35/35
 55255 | Depths:1 | Found a corrupted altar of Lugonu.
 55255 | Depths:1 | Found a one-way gate to the infinite horrors of the Abyss.
 55878 | Depths:1 | Found a gateway to Hell.
 56425 | Depths:2 | Found Sosopnuh's Book Boutique.
 56777 | Depths:3 | Found a gateway to a ziggurat.
 56989 | Depths:3 | Found a one-way gate leading to the halls of Pandemonium.
 57023 | Depths:3 | Reached skill level 27 in Fighting
 57606 | Depths:4 | Reached skill level 27 in Axes
 58284 | Depths:4 | Reached XP level 27. HP: 273/273 MP: 35/35
 58966 | Depths:5 | Entered Level 5 of the Depths
 60501 | Depths:5 | Found a gate to the Realm of Zot.
 61620 | Zot:1    | Entered Level 1 of the Realm of Zot
 63380 | Zot:1    | Got a transparent helmet
 63381 | Zot:1    | Identified the cursed +0 helmet of Inaction {rCorr Str-2 Int+4} (You found it on level 1 of the Realm of Zot)
 63658 | Zot:2    | Noticed an orb of fire
 64097 | Zot:2    | Noticed an orb of fire
 64111 | Zot:2    | Killed an orb of fire
 66216 | Zot:2    | Killed an orb of fire
 67776 | Zot:5    | Entered Level 5 of the Realm of Zot
 68080 | Zot:5    | Noticed an ancient lich
 68094 | Zot:5    | Killed an ancient lich
 68313 | Zot:5    | Noticed an ancient lich
 68316 | Zot:5    | Noticed an orb of fire
 68329 | Zot:5    | Killed an ancient lich
 68337 | Zot:5    | Killed an orb of fire
 68763 | Zot:5    | Noticed an ancient lich
 68787 | Zot:5    | Killed an ancient lich
 68811 | Zot:5    | Noticed an ancient lich
 68813 | Zot:5    | Noticed an ancient lich
 68814 | Zot:5    | Noticed an orb of fire
 68815 | Zot:5    | Noticed an ancient lich
 68828 | Zot:5    | Killed an orb of fire
 68836 | Zot:5    | Killed an ancient lich
 68843 | Zot:5    | Killed an ancient lich
 68852 | Zot:5    | Killed an ancient lich
 69980 | Lair:7   | Found a staircase to the Slime Pits.
 70126 | Slime:1  | Entered Level 1 of the Pits of Slime
 70732 | Slime:3  | Found a viscous altar of Jiyva.
 71903 | Slime:6  | Entered Level 6 of the Pits of Slime
 71939 | Slime:6  | Noticed the royal jelly
 72039 | Slime:6  | Killed the royal jelly
 72182 | Slime:6  | Reached skill level 27 in Armour
 72642 | Slime:6  | Got a pair of jewelled boots
 72643 | Slime:6  | Identified the +0 pair of boots of Punlasyema {rN+} (You found it on level 6 of the Pits of Slime)
 72679 | Slime:6  | Got a slimy rune of Zot
 73563 | Zig:1    | Entered Level 1 of a ziggurat
 73583 | Zig:2    | Entered Level 2 of a ziggurat
 73612 | Zig:3    | Entered Level 3 of a ziggurat
 73668 | Zig:4    | Entered Level 4 of a ziggurat
 73706 | Zig:5    | Entered Level 5 of a ziggurat
 73743 | Zig:6    | Entered Level 6 of a ziggurat
 73823 | Zig:7    | Entered Level 7 of a ziggurat
 73948 | Zig:7    | Reached skill level 15 in Dodging
 74062 | Zig:8    | Entered Level 8 of a ziggurat
 74081 | Zig:8    | Reached skill level 1 in Spellcasting
 74176 | Zig:8    | Got a faintly glowing iron ring
 74177 | Zig:8    | Identified the ring of Ewar Dunt {*Contam +Inv rPois rN+ Str+3} (You found it on level 8 of a ziggurat)
 74181 | Zig:9    | Entered Level 9 of a ziggurat
 74192 | Zig:9    | Reached skill level 5 in Spellcasting
 74269 | Zig:10   | Entered Level 10 of a ziggurat
 74360 | Zig:10   | Learned a level 1 spell: Apportation
 74366 | Zig:11   | Entered Level 11 of a ziggurat
 74477 | Zig:11   | Got a bound bone ring
 74558 | Zig:12   | Entered Level 12 of a ziggurat
 74689 | Zig:12   | Identified the ring of Uczun {rC+ Int+6} (You found it on level 11 of a ziggurat)
 74712 | Zig:13   | Entered Level 13 of a ziggurat
 74721 | Zig:13   | Noticed Voocsaom the pandemonium lord
 74722 | Zig:13   | Noticed Wupy the pandemonium lord
 74723 | Zig:13   | Noticed Roaptu the pandemonium lord
 74724 | Zig:13   | Noticed Cukhauv the pandemonium lord
 74726 | Zig:13   | Noticed Qicush the pandemonium lord
 74731 | Zig:13   | Reached skill level 10 in Spellcasting
 74743 | Zig:13   | Killed Wupy the pandemonium lord
 74747 | Zig:13   | Killed Voocsaom the pandemonium lord
 74756 | Zig:13   | Killed Qicush the pandemonium lord
 74761 | Zig:13   | Killed Roaptu the pandemonium lord
 74778 | Zig:13   | Killed Cukhauv the pandemonium lord
 74841 | Zig:13   | Got a scorched large shield
 74842 | Zig:13   | Identified the cursed +0 large shield of Zin's Pride {rPois rF+ rC- Dex-5} (You found it on level 13 of a ziggurat)
 74845 | Zig:13   | Got a warped bone ring
 74846 | Zig:13   | Identified the ring of Lilacs {MR+ SInv} (You found it on level 13 of a ziggurat)
 74916 | Zig:14   | Entered Level 14 of a ziggurat
 75027 | Zig:14   | Got a transparent bronze ring
 75028 | Zig:14   | Identified the ring "Teidghay" {+Blink rF+ rC- Slay+5 SInv} (You found it on level 14 of a ziggurat)
 75030 | Zig:14   | Got a slimy sapphire amulet
 75031 | Zig:14   | Identified the amulet "Qofoust" {rCorr rElec rN+ MR+ Int-3} (You found it on level 14 of a ziggurat)
 75078 | Zig:15   | Entered Level 15 of a ziggurat
 75248 | Zig:15   | Learned a level 1 spell: Summon Butterflies
 75272 | Zig:16   | Entered Level 16 of a ziggurat
 75291 | Zig:16   | Noticed an ancient lich
 75302 | Zig:16   | Got a pitted golden ring
 75550 | Depths:3 | Identified the ring "Wicyn" {+Blink EV+1 Str+3 SInv} (You found it on level 16 of a ziggurat)
 75658 | D:14     | Learned a level 9 spell: Fire Storm
 75667 | D:14     | Learned a level 8 spell: Lehudib's Crystal Spear
 75676 | D:14     | Learned a level 8 spell: Chain Lightning
 75676 | D:14     | Upgraded the game from 0.17-a0-1596-g1e86911 to 0.17-a0-1632-g0af21bd
 75774 | Hell     | Entered the Vestibule of Hell
 75774 | Hell     | Noticed Geryon
 75802 | Hell     | Killed Geryon
 75910 | Hell     | Found a gateway to the ashen valley of Gehenna.
 76085 | Hell     | Found a gateway to the Iron City of Dis.
 76191 | Hell     | Found a gateway to the freezing wastes of Cocytus.
 76283 | Hell     | Found a gateway to the decaying netherworld of Tartarus.
 76811 | Temple   | Entered the Ecumenical Temple
 77076 | Temple   | Fell from the grace of Zin
 77076 | Temple   | Became a worshipper of the Shining One
 77076 | Temple   | Acquired the Shining One's first power
 77076 | Temple   | Acquired the Shining One's second power
 77490 | D:14     | Acquired the Shining One's third power
 77761 | Dis:1    | Entered Level 1 of the Iron City of Dis
 77909 | Dis:1    | Acquired the Shining One's fourth power
 78606 | Temple   | Identified a +9 executioner's axe of holy wrath (a +9 executioner's axe of freezing blessed by the Shining One)
 79036 | Pan      | Entered Pandemonium
 79131 | Pan      | Found an exit through the horrors of the Abyss.
 79164 | Pan      | Noticed Binapets the pandemonium lord
 79174 | Pan      | Killed Binapets the pandemonium lord
 79185 | Pan      | Gained mutation: Your spells are a little easier to cast, but a little less powerful. [a neqoxec]
 79306 | Pan      | Paralysed by a torturous chaos champion for 3 turns
 79578 | Pan      | Found an exit through the horrors of the Abyss.
 79756 | Pan      | Noticed Virarax the pandemonium lord
 79764 | Pan      | Killed Virarax the pandemonium lord
 79991 | Pan      | Found a glowing silver altar of Zin.
 80023 | Pan      | Reached skill level 27 in Invocations
 80280 | Pan      | Got a twisted large shield
 80281 | Pan      | Identified the +0 large shield "Igomuon" {rF+} (You took it off a daeva in Pandemonium)
 80615 | Pan      | Found a white marble altar of Elyvilon.
 80708 | Pan      | Learned a level 3 spell: Spectral Weapon
 80792 | Pan      | Found an exit through the horrors of the Abyss.
 80811 | Pan      | Gained mutation: Scrolls take you a little longer to read. [a neqoxec]
 81103 | Pan      | Found an exit through the horrors of the Abyss.
 81340 | Pan      | Noticed Hoqiakk the pandemonium lord
 81345 | Pan      | Killed Hoqiakk the pandemonium lord
 81489 | Pan      | Got a brightly glowing lead ring
 81492 | Pan      | Identified the ring "Wuqua" {Dex+7 Stlth+} (You found it in Pandemonium)
 81538 | Pan      | Got a demonic rune of Zot
 81702 | Pan      | Found an exit through the horrors of the Abyss.
 81735 | Pan      | Noticed Pasibeu the pandemonium lord
 81751 | Pan      | Killed Pasibeu the pandemonium lord
 82235 | Pan      | Found an exit through the horrors of the Abyss.
 82258 | Pan      | Noticed Zuetu the pandemonium lord
 82263 | Pan      | Killed Zuetu the pandemonium lord
 82276 | Pan      | Gained mutation: Scrolls take you longer to read. [a neqoxec]
 82286 | Pan      | Gained mutation: You are weak. (Str -2) [a neqoxec]
 82299 | Pan      | Lost mutation: You are weak. (Str -2) [potion of cure mutation]
 82299 | Pan      | Lost mutation: Your spells are a little easier to cast, but a little less powerful. [potion of cure mutation]
 82299 | Pan      | Lost mutation: Scrolls take you longer to read. [potion of cure mutation]
 82299 | Pan      | Lost mutation: Scrolls take you a little longer to read. [potion of cure mutation]
 82374 | Pan      | Noticed Puyran the pandemonium lord
 82380 | Pan      | Killed Puyran the pandemonium lord
 82500 | Pan      | Noticed Fimaxtyi the pandemonium lord
 82536 | Pan      | Killed Fimaxtyi the pandemonium lord
 82597 | Pan      | Gained mutation: You are frail (-10% HP). [a cacodemon]
 82599 | Pan      | Gained mutation: You are resistant to electric shocks. [a cacodemon]
 82882 | Pan      | Found an exit through the horrors of the Abyss.
 83037 | Pan      | Noticed Kuigh the pandemonium lord
 83046 | Pan      | Killed Kuigh the pandemonium lord
 83159 | Pan      | Found an exit through the horrors of the Abyss.
 83401 | Pan      | Gained mutation: Your body sometimes deteriorates upon taking damage. [a neqoxec]
 83419 | Pan      | Found an exit through the horrors of the Abyss.
 83623 | Pan      | Gained mutation: Your spells are a little easier to cast, but a little less powerful. [a neqoxec]
 83629 | Pan      | Noticed Tacrak the pandemonium lord
 83637 | Pan      | Killed Tacrak the pandemonium lord
 83642 | Pan      | Gained mutation: You are very frail (-20% HP). [a neqoxec]
 83679 | Pan      | Found a gateway to a ziggurat.
 83692 | Zig:1    | Entered Level 1 of a ziggurat
 83713 | Zig:2    | Entered Level 2 of a ziggurat
 83733 | Zig:3    | Entered Level 3 of a ziggurat
 83763 | Zig:4    | Entered Level 4 of a ziggurat
 83798 | Zig:5    | Entered Level 5 of a ziggurat
 83832 | Zig:6    | Entered Level 6 of a ziggurat
 83899 | Zig:6    | Lost mutation: Your body sometimes deteriorates upon taking damage. [potion of cure mutation]
 83899 | Zig:6    | Lost mutation: You are very frail (-20% HP). [potion of cure mutation]
 83899 | Zig:6    | Lost mutation: You are frail (-10% HP). [potion of cure mutation]
 83899 | Zig:6    | Lost mutation: Your spells are a little easier to cast, but a little less powerful. [potion of cure mutation]
 83899 | Zig:6    | Lost mutation: You are resistant to electric shocks. [potion of cure mutation]
 83956 | Zig:7    | Entered Level 7 of a ziggurat
 84064 | Zig:7    | Got a flickering ivory amulet
 84077 | Zig:7    | Identified a +0 pair of boots of running (You found it on level 7 of a ziggurat)
 84092 | Zig:7    | Identified the amulet of Sekucweo {Regen+ Dex+3 Slay+3} (You found it on level 7 of a ziggurat)
 84107 | Zig:8    | Entered Level 8 of a ziggurat
 84178 | Zig:9    | Entered Level 9 of a ziggurat
 84434 | Zig:9    | Got a slimy silver ring
 84437 | Zig:9    | Identified the ring of Winter {Fire rN++ Str-2 Int+4} (You found it on level 9 of a ziggurat)
 84461 | Zig:10   | Entered Level 10 of a ziggurat
 84469 | Zig:10   | Noticed an ancient lich
 84481 | Zig:10   | Gained mutation: You are dopey. (Int -2) [a neqoxec]
 84482 | Zig:10   | Killed an ancient lich
 84717 | Zig:10   | Got a steaming brass ring
 84721 | Zig:10   | Identified the ring of Rigg {-Tele rElec rF+ rN+} (You found it on level 10 of a ziggurat)
 84725 | Zig:11   | Entered Level 11 of a ziggurat
 84876 | Zig:12   | Entered Level 12 of a ziggurat
 85027 | Zig:13   | Entered Level 13 of a ziggurat
 85277 | Zig:13   | Gained mutation: Your body sometimes deteriorates upon taking damage. [potion of mutation]
 85277 | Zig:13   | Gained mutation: You have sharp toenails. [potion of mutation]
 85277 | Zig:13   | Gained mutation: You tend to lose your temper in combat. [potion of mutation]
 85278 | Zig:13   | Lost mutation: Your body sometimes deteriorates upon taking damage. [potion of cure mutation]
 85278 | Zig:13   | Lost mutation: You tend to lose your temper in combat. [potion of cure mutation]
 85278 | Zig:13   | Lost mutation: You are dopey. (Int -2) [potion of cure mutation]
 85281 | Zig:14   | Entered Level 14 of a ziggurat
 85572 | Pan      | Found an exit through the horrors of the Abyss.
 85635 | Pan      | Entered the realm of Lom Lobon.
 85663 | Pan      | Noticed Lom Lobon
 85710 | Pan      | Killed Lom Lobon
 85718 | Pan      | Got a magical rune of Zot
 85969 | Pan      | Found an exit through the horrors of the Abyss.
 85999 | Pan      | Entered the realm of Gloorx Vloq.
 85999 | Pan      | Found an exit through the horrors of the Abyss.
 86146 | Pan      | Noticed Gloorx Vloq
 86162 | Pan      | Killed Gloorx Vloq
 86199 | Pan      | Got a dark rune of Zot
 86474 | Pan      | Gained mutation: You expend magic power (3 MP) to strengthen your wands. [a neqoxec]
 86495 | Pan      | Noticed Aziocoig the pandemonium lord
 86508 | Pan      | Killed Aziocoig the pandemonium lord
 87002 | Pan      | Gained mutation: Scrolls take you a little longer to read. [a cacodemon]
 87049 | Pan      | Found an exit through the horrors of the Abyss.
 87155 | Pan      | Found an exit through the horrors of the Abyss.
 87216 | Pan      | Noticed Bacil the pandemonium lord
 87226 | Pan      | Killed Bacil the pandemonium lord
 87248 | Pan      | Lost mutation: You expend magic power (3 MP) to strengthen your wands. [potion of cure mutation]
 87248 | Pan      | Lost mutation: Scrolls take you a little longer to read. [potion of cure mutation]
 87248 | Pan      | Lost mutation: You have sharp toenails. [potion of cure mutation]
 87317 | Pan      | Entered the realm of Mnoleg.
 87318 | Pan      | Gained mutation: Scrolls take you a little longer to read. [a neqoxec]
 87413 | Pan      | Gained mutation: You are occasionally teleported to nearby monsters. [a neqoxec]
 87545 | Pan      | Found an exit through the horrors of the Abyss.
 87733 | Pan      | Gained mutation: You occasionally shout uncontrollably at your foes. [a neqoxec]
 87826 | Pan      | Noticed Mnoleg
 87841 | Pan      | Killed Mnoleg
 87868 | Pan      | Gained mutation: Scrolls take you longer to read. [a neqoxec]
 87903 | Pan      | Got a glowing rune of Zot
 87946 | Pan      | Entered the realm of Cerebov.
 87949 | Pan      | Lost mutation: You occasionally shout uncontrollably at your foes. [potion of cure mutation]
 87949 | Pan      | Lost mutation: Scrolls take you longer to read. [potion of cure mutation]
 87949 | Pan      | Lost mutation: Scrolls take you a little longer to read. [potion of cure mutation]
 88335 | Pan      | Found an exit through the horrors of the Abyss.
 88540 | Pan      | Noticed Cerebov
 88556 | Pan      | Killed Cerebov
 88577 | Pan      | Got a heavily runed platinum ring
 88578 | Pan      | Identified the ring "Xuqun" {+Inv rElec rPois MR- Stlth+} (You took it off a balrug in Pandemonium)
 88611 | Pan      | Got a clouded marble ring
 88612 | Pan      | Identified the ring "Osown" {rPois SInv} (You found it in Pandemonium)
 88629 | Pan      | Got a smoking pewter ring
 88654 | Pan      | Got a fiery rune of Zot
 88741 | Pan      | Took an exit into the Abyss.
 88741 | Abyss:1  | Escaped into the Abyss
 89164 | Abyss:1  | Identified the ring "Gery" {MP+9 Int+2} (You took it off a balrug in Pandemonium)
 89766 | Abyss:5  | Entered Level 5 of the Abyss
 89969 | Abyss:5  | Found a corrupted altar of Lugonu.
 90029 | Abyss:5  | Gained mutation: You occasionally shout uncontrollably at your foes. [a neqoxec]
 90200 | Abyss:5  | Paralysed by accursed screaming for 2 turns
 90219 | Abyss:5  | Reached skill level 27 in Dodging
 90237 | Abyss:5  | Reached skill level 1 in Conjurations
 90237 | Abyss:5  | Reached skill level 1 in Fire Magic
 90254 | Abyss:5  | Gained mutation: Your magical capacity is low (-10% MP). [a neqoxec]
 90257 | Abyss:5  | Gained mutation: You are weak. (Str -2) [a neqoxec]
 90492 | Abyss:5  | Gained mutation: You are very dopey. (Int -4) [a neqoxec]
 90566 | Abyss:5  | Reached skill level 5 in Fire Magic
 90578 | Abyss:5  | Reached skill level 5 in Conjurations
 90828 | Abyss:5  | Paralysed by accursed screaming for 1 turns
 90837 | Abyss:5  | Paralysed by accursed screaming for 1 turns
 90903 | Abyss:5  | Gained mutation: Your spells are a little easier to cast, but a little less powerful. [a neqoxec]
 90927 | Abyss:5  | Lost mutation: Your magical capacity is low (-10% MP). [potion of cure mutation]
 90927 | Abyss:5  | Lost mutation: You occasionally shout uncontrollably at your foes. [potion of cure mutation]
 90927 | Abyss:5  | Lost mutation: You are weak. (Str -2) [potion of cure mutation]
 90927 | Abyss:5  | Lost mutation: You are dopey. (Int -2) [potion of cure mutation]
 90927 | Abyss:5  | Lost mutation: You are occasionally teleported to nearby monsters. [potion of cure mutation]
 91527 | Abyss:5  | Found a burning altar of Makhleb.
 91627 | Abyss:5  | Found a glowing golden altar of the Shining One.
 91676 | Abyss:5  | Got an abyssal rune of Zot
 92088 | Abyss:5  | Reached skill level 10 in Fire Magic
 92165 | Depths:3 | Escaped the Abyss
 92322 | Depths:2 | Lost mutation: Your spells are a little easier to cast, but a little less powerful. [potion of cure mutation]
 92323 | Depths:2 | Gained mutation: Your flesh is heat resistant. [potion of beneficial mutation]
 92324 | Depths:2 | Gained mutation: You are agile. (Dex +2) [potion of beneficial mutation]
 92325 | Depths:2 | Gained mutation: You can translocate small distances at will. [potion of beneficial mutation]
 92676 | Vaults:5 | Gained mutation: You can spit weak poison. [potion of beneficial mutation]
 92677 | Vaults:5 | Gained mutation: Your system is resistant to poisons. [potion of beneficial mutation]
 93893 | Dis:6    | Reached skill level 10 in Conjurations
 94047 | Dis:7    | Entered Level 7 of the Iron City of Dis
 94401 | Dis:7    | Reached skill level 15 in Spellcasting
 94623 | Dis:7    | Noticed Dispater
 94643 | Dis:7    | Killed Dispater
 94656 | Dis:7    | Got an iron rune of Zot
 94821 | Coc:1    | Entered Level 1 of Cocytus
 95802 | Coc:7    | Entered Level 7 of Cocytus
 95836 | Coc:7    | Reached skill level 15 in Fire Magic
 96069 | Coc:7    | Noticed Antaeus
 96102 | Coc:7    | Lost mutation: You are agile. (Dex +2) [mutagenic glow]
 96263 | Coc:7    | Reached skill level 15 in Conjurations
 96750 | Coc:7    | Killed Antaeus
 96765 | Coc:7    | Got an icy rune of Zot
 96837 | Hell     | Upgraded the game from 0.17-a0-1632-g0af21bd to 0.17-a0-1635-gd4e48f1
 96838 | Tar:1    | Entered Level 1 of Tartarus
 97380 | Tar:7    | Entered Level 7 of Tartarus
 97416 | Tar:7    | Noticed the Serpent of Hell
 97417 | Tar:7    | Noticed an ancient lich
 97426 | Tar:7    | Killed an ancient lich
 97443 | Tar:7    | Killed the Serpent of Hell
 97531 | Tar:7    | Noticed an ancient lich
 97537 | Tar:7    | Killed an ancient lich
 97604 | Tar:7    | Noticed Ereshkigal
 97617 | Tar:7    | Killed Ereshkigal
 97628 | Tar:7    | Got a bone rune of Zot
 97779 | Geh:1    | Entered Level 1 of Gehenna
 98365 | Geh:7    | Entered Level 7 of Gehenna
 98515 | Geh:7    | Noticed Asmodeus
 98536 | Geh:7    | Killed Asmodeus
 98629 | Geh:7    | Got a shimmering lead ring
 98631 | Geh:7    | Identified the ring "Xikuogh" {+Blink rF+ rC+ Int+4} (You took it off a balrug on level 7 of Gehenna)
 98654 | Geh:7    | Got an obsidian rune of Zot
 99359 | Tomb:1   | Entered Level 1 of the Tomb of the Ancients
 99577 | Tomb:1   | Noticed an ancient lich
 99585 | Tomb:1   | Killed an ancient lich
 99878 | Tomb:2   | Noticed an ancient lich
 99878 | Tomb:2   | Noticed an ancient lich
100436 | Tomb:2   | Killed an ancient lich
100436 | Tomb:2   | Killed an ancient lich
101727 | Tomb:3   | Entered Level 3 of the Tomb of the Ancients
101952 | Tomb:3   | Noticed an ancient lich
102319 | Tomb:3   | Killed an ancient lich
102797 | Tomb:3   | Got a wavering bone ring
102805 | Tomb:3   | Got a transparent jade ring
102821 | Tomb:3   | Identified the ring of Sadesuew {MR+ Str+2 Dex+5 Slay+2} (You found it on level 3 of the Tomb of the Ancients)
102822 | Tomb:3   | Identified the ring of Nyxzu {rF+ rC- rN+ Dex+4} (You found it on level 3 of the Tomb of the Ancients)
102830 | Tomb:3   | Got a flickering copper amulet
102884 | Tomb:3   | Identified the amulet "Wahofong" {+Fly Regen+ Str+5 Int+2} (You found it on level 3 of the Tomb of the Ancients)
102981 | Tomb:3   | Got a golden rune of Zot
105306 | D:10     | Bought a book of Minor Magic for 340 gold pieces
105309 | D:10     | Learned a level 2 spell: Repel Missiles
105606 | Elf:3    | Learned a level 6 spell: Deflect Missiles
105613 | Elf:3    | Learned a level 6 spell: Haste
106125 | Pan      | Entered Pandemonium
106141 | Pan      | Reached skill level 1 in Hexes
106143 | Pan      | Reached skill level 1 in Summonings
106151 | Pan      | Reached skill level 1 in Charms
106151 | Pan      | Reached skill level 1 in Translocations
106198 | Pan      | Noticed Itotaiz the pandemonium lord
106205 | Pan      | Killed Itotaiz the pandemonium lord
106318 | Pan      | Found an exit through the horrors of the Abyss.
106664 | Pan      | Noticed Xojuak the pandemonium lord
106678 | Pan      | Killed Xojuak the pandemonium lord
106707 | Pan      | Gained mutation: You expend magic power (3 MP) to strengthen your wands. [a neqoxec]
106892 | Pan      | Found an exit through the horrors of the Abyss.
107134 | Pan      | Gained mutation: You are clumsy. (Dex -2) [a neqoxec]
107137 | Pan      | Gained mutation: You are frail (-10% HP). [a neqoxec]
107360 | Pan      | Reached skill level 5 in Translocations
107415 | Pan      | Noticed Weut the pandemonium lord
107434 | Pan      | Killed Weut the pandemonium lord
107453 | Pan      | HP: 4/245 [smoke demon/divine providence (14)]
107589 | Pan      | Gained mutation: Potions and wands are less effective at restoring your health. [a cacodemon]
107693 | Pan      | Noticed Korphast the pandemonium lord
107701 | Pan      | Killed Korphast the pandemonium lord
108112 | Pan      | Found an exit through the horrors of the Abyss.
108362 | Pan      | Gained mutation: You are very clumsy. (Dex -4) [a neqoxec]
108363 | Pan      | Gained mutation: You tend to lose your temper in combat. [a neqoxec]
108498 | Pan      | Found an exit through the horrors of the Abyss.
108521 | Pan      | Gained mutation: Your magical capacity is low (-10% MP). [a cacodemon]
108533 | Pan      | Lost mutation: Your flesh is heat resistant. [potion of cure mutation]
108533 | Pan      | Lost mutation: You can spit weak poison. [potion of cure mutation]
108534 | Pan      | Lost mutation: Your system is resistant to poisons. [potion of cure mutation]
108534 | Pan      | Lost mutation: Your magical capacity is low (-10% MP). [potion of cure mutation]
108534 | Pan      | Lost mutation: You are frail (-10% HP). [potion of cure mutation]
108534 | Pan      | Lost mutation: You tend to lose your temper in combat. [potion of cure mutation]
108534 | Pan      | Lost mutation: You expend magic power (3 MP) to strengthen your wands. [potion of cure mutation]
108535 | Pan      | Lost mutation: Potions and wands are less effective at restoring your health. [potion of cure mutation]
108535 | Pan      | Lost mutation: You are very clumsy. (Dex -4) [potion of cure mutation]
108732 | Pan      | Gained mutation: You are very clumsy. (Dex -4) [a neqoxec]
109221 | Pan      | Noticed Bump the pandemonium lord
109223 | Pan      | Cast into the Abyss (Bump)
109271 | Abyss:1  | Paralysed by accursed screaming for 1 turns
109405 | Abyss:2  | Gained mutation: You are occasionally teleported to nearby monsters. [a neqoxec]
109409 | Abyss:2  | Gained mutation: Your body sometimes deteriorates upon taking damage. [a neqoxec]
109437 | Pan      | Escaped the Abyss
109445 | Pan      | Killed Bump the pandemonium lord
109750 | Pan      | Found an exit through the horrors of the Abyss.
109865 | Pan      | Gained mutation: You expend magic power (3 MP) to strengthen your wands. [a cacodemon]
109866 | Pan      | Gained mutation: Your spells are a little easier to cast, but a little less powerful. [a cacodemon]
109868 | Pan      | Gained mutation: You are weak. (Str -2) [a cacodemon]
109915 | Pan      | Lost mutation: Your body sometimes deteriorates upon taking damage. [potion of cure mutation]
109915 | Pan      | Lost mutation: You expend magic power (3 MP) to strengthen your wands. [potion of cure mutation]
109915 | Pan      | Lost mutation: You are occasionally teleported to nearby monsters. [potion of cure mutation]
109915 | Pan      | Lost mutation: You can translocate small distances at will. [potion of cure mutation]
109915 | Pan      | Lost mutation: You are weak. (Str -2) [potion of cure mutation]
109916 | Pan      | Lost mutation: Your spells are a little easier to cast, but a little less powerful. [potion of cure mutation]
109916 | Pan      | Lost mutation: You are very clumsy. (Dex -4) [potion of cure mutation]
109916 | Pan      | Lost mutation: You are clumsy. (Dex -2) [potion of cure mutation]
110019 | Pan      | Found an exit through the horrors of the Abyss.
110269 | Pan      | Noticed Pureroly the pandemonium lord
110274 | Pan      | Killed Pureroly the pandemonium lord
110412 | Pan      | Found an exit through the horrors of the Abyss.
110582 | Pan      | Noticed Netuoz the pandemonium lord
110628 | Pan      | Killed Netuoz the pandemonium lord
111219 | Pan      | Noticed Ketol the pandemonium lord
111227 | Pan      | Killed Ketol the pandemonium lord
111599 | Pan      | Found an exit through the horrors of the Abyss.
112139 | Pan      | Noticed Oxamoeq the pandemonium lord
112157 | Pan      | Killed Oxamoeq the pandemonium lord
112755 | Pan      | Found an exit through the horrors of the Abyss.
112900 | Pan      | Noticed Janidd the pandemonium lord
112907 | Pan      | Killed Janidd the pandemonium lord
113011 | Pan      | Found an exit through the horrors of the Abyss.
113414 | Pan      | Noticed Jix Qavo the pandemonium lord
113428 | Pan      | Killed Jix Qavo the pandemonium lord
113441 | Pan      | Found an exit through the horrors of the Abyss.
114121 | Pan      | Noticed Siupaeq the pandemonium lord
114125 | Pan      | Killed Siupaeq the pandemonium lord
114347 | Pan      | Was placed under penance by the Shining One
114653 | Pan      | Found an exit through the horrors of the Abyss.
114698 | Pan      | Was forgiven by the Shining One
114907 | Pan      | Noticed Alualoih the pandemonium lord
114964 | Pan      | Killed Alualoih the pandemonium lord
115418 | Pan      | Found an exit through the horrors of the Abyss.
115574 | Pan      | Noticed Lapiuq the pandemonium lord
115585 | Pan      | Killed Lapiuq the pandemonium lord
115587 | Pan      | Cast into the Abyss (reaper)
115610 | Abyss:1  | Noticed an ancient lich
115615 | Abyss:1  | Killed an ancient lich
115637 | Abyss:1  | Noticed an ancient lich
115641 | Pan      | Escaped the Abyss
115937 | Pan      | Found an exit through the horrors of the Abyss.
116234 | Pan      | Found an exit through the horrors of the Abyss.
116679 | Pan      | Noticed Miteel the pandemonium lord
116682 | Pan      | Killed Miteel the pandemonium lord
116923 | Pan      | Noticed Zafeergh the pandemonium lord
116933 | Pan      | Killed Zafeergh the pandemonium lord
117583 | Pan      | Noticed Jolih the pandemonium lord
117594 | Pan      | Killed Jolih the pandemonium lord
117727 | Pan      | Found an exit through the horrors of the Abyss.
118180 | Pan      | Reached skill level 27 in Fire Magic
118188 | Pan      | Noticed Hosis the pandemonium lord
118193 | Pan      | Killed Hosis the pandemonium lord
118318 | Pan      | Got a sparkling jade amulet
118319 | Pan      | Identified the amulet "Qugidur" {rElec Regen+} (You found it in Pandemonium)
118413 | Pan      | Found an exit through the horrors of the Abyss.
119183 | Pan      | Found an exit through the horrors of the Abyss.
119612 | Pan      | Found an exit through the horrors of the Abyss.
120065 | Pan      | Noticed Vanas the pandemonium lord
120080 | Pan      | Killed Vanas the pandemonium lord
120382 | Pan      | Found an exit through the horrors of the Abyss.
120433 | Pan      | Found a gateway to a ziggurat.
120474 | Zig:1    | Entered Level 1 of a ziggurat
120498 | Zig:2    | Entered Level 2 of a ziggurat
120525 | Zig:3    | Entered Level 3 of a ziggurat
120549 | Zig:4    | Entered Level 4 of a ziggurat
120669 | Zig:5    | Entered Level 5 of a ziggurat
120696 | Zig:5    | Reached skill level 27 in Conjurations
120710 | Zig:6    | Entered Level 6 of a ziggurat
120760 | Zig:7    | Entered Level 7 of a ziggurat
120807 | Zig:8    | Entered Level 8 of a ziggurat
120921 | Zig:9    | Entered Level 9 of a ziggurat
121081 | Zig:10   | Entered Level 10 of a ziggurat
121182 | Zig:11   | Entered Level 11 of a ziggurat
121265 | Zig:12   | Entered Level 12 of a ziggurat
121331 | Zig:13   | Entered Level 13 of a ziggurat
121439 | Zig:14   | Entered Level 14 of a ziggurat
121451 | Zig:14   | Noticed Venij the pandemonium lord
121455 | Zig:14   | Noticed Nuttelov the pandemonium lord
121459 | Zig:14   | Killed Venij the pandemonium lord
121468 | Zig:14   | Killed Nuttelov the pandemonium lord
121567 | Zig:15   | Entered Level 15 of a ziggurat
121663 | Zig:16   | Entered Level 16 of a ziggurat
121744 | Zig:16   | Got a steaming cloak
121745 | Zig:16   | Identified the +2 cloak "Wabe" {+Blink Dex+6 Slay-4} (You found it on level 16 of a ziggurat)
121749 | Zig:16   | Got a scorched crystal amulet
121750 | Zig:16   | Identified the amulet of the Zebra {+Rage rPois Dex+7 SInv} (You found it on level 16 of a ziggurat)
121755 | Zig:16   | Got a faintly glowing glass ring
121756 | Zig:16   | Identified the ring "Siemor" {+Blink Int+3 Dex+3 Slay+5 SInv} (You found it on level 16 of a ziggurat)
121761 | Zig:17   | Entered Level 17 of a ziggurat
121877 | Zig:18   | Entered Level 18 of a ziggurat
122097 | Zig:18   | Got a bound steel ring
122098 | Zig:18   | Identified the cursed ring of the Tempest {*Contam AC-5 Str+5} (You found it on level 18 of a ziggurat)
122148 | Zig:19   | Entered Level 19 of a ziggurat
122230 | Zig:19   | Got a shimmering steel ring
122231 | Zig:19   | Identified the ring "Wicem" {rF- MR+ MP+9 Str+3 Slay+1} (You found it on level 19 of a ziggurat)
122279 | Zig:20   | Entered Level 20 of a ziggurat
122289 | Zig:20   | Noticed Karrozitt the pandemonium lord
122289 | Zig:20   | Noticed Ipel the pandemonium lord
122293 | Zig:20   | Noticed Kaemosch the pandemonium lord
122294 | Zig:20   | Noticed Gihua the pandemonium lord
122297 | Zig:20   | Killed Karrozitt the pandemonium lord
122302 | Zig:20   | Killed Ipel the pandemonium lord
122302 | Zig:20   | Killed Gihua the pandemonium lord
122315 | Zig:20   | Noticed Tyetareb the pandemonium lord
122324 | Zig:20   | Killed Tyetareb the pandemonium lord
122329 | Zig:20   | Reached skill level 27 in Spellcasting
122341 | Zig:20   | Killed Kaemosch the pandemonium lord
122341 | Zig:20   | Reached skill level 1 in Air Magic
122418 | Zig:20   | Got a flickering bronze amulet
122419 | Zig:20   | Identified the amulet of Benuc {Clar rPois Dex+2} (You found it on level 20 of a ziggurat)
122528 | Zig:21   | Entered Level 21 of a ziggurat
122548 | Zig:21   | Reached skill level 5 in Charms
122560 | Zig:21   | Paralysed by accursed screaming for 1 turns
122580 | Zig:21   | Paralysed by you for 6 turns
122613 | Zig:21   | Paralysed by accursed screaming for 1 turns
122621 | Zig:21   | Gained mutation: You have supernaturally acute eyesight. [a neqoxec]
122929 | Zig:22   | Entered Level 22 of a ziggurat
122951 | Zig:22   | Reached skill level 5 in Air Magic
122953 | Zig:22   | Noticed Baerphu the pandemonium lord
122967 | Zig:22   | Killed Baerphu the pandemonium lord
122980 | Zig:22   | Reached skill level 10 in Charms
123186 | Zig:23   | Entered Level 23 of a ziggurat
123495 | Zig:23   | Got a warped amber ring
123496 | Zig:23   | Identified the cursed ring "Gustae" {*Drain rF+ AC-3 SInv} (You found it on level 23 of a ziggurat)
123538 | Zig:24   | Entered Level 24 of a ziggurat
123586 | Zig:24   | Noticed an ancient lich
123604 | Zig:24   | Killed an ancient lich
123605 | Zig:24   | Noticed an ancient lich
123612 | Zig:24   | Killed an ancient lich
123810 | Zig:25   | Entered Level 25 of a ziggurat
123822 | Zig:25   | Noticed an orb of fire
123823 | Zig:25   | Noticed an orb of fire
123823 | Zig:25   | Noticed an orb of fire
123825 | Zig:25   | Gained mutation: You have large cloven feet. [an orb of fire]
123829 | Zig:25   | Gained mutation: Your body sometimes deteriorates upon taking damage. [an orb of fire]
123845 | Zig:25   | Killed an orb of fire
123845 | Zig:25   | Killed an orb of fire
123858 | Zig:25   | Noticed an orb of fire
123860 | Zig:25   | Noticed an orb of fire
123864 | Zig:25   | Noticed an orb of fire
123864 | Zig:25   | Killed an orb of fire
123864 | Zig:25   | Reached skill level 15 in Charms
123864 | Zig:25   | Reached skill level 10 in Air Magic
123866 | Zig:25   | Noticed an orb of fire
123866 | Zig:25   | Noticed an orb of fire
123867 | Zig:25   | Noticed an orb of fire
123867 | Zig:25   | Noticed an orb of fire
123873 | Zig:25   | Killed an orb of fire
123874 | Zig:25   | Noticed an orb of fire
123874 | Zig:25   | Gained mutation: You are weak. (Str -2) [an orb of fire]
123880 | Zig:25   | Killed an orb of fire
123882 | Zig:25   | Killed an orb of fire
123885 | Zig:25   | Gained mutation: Your body often deteriorates upon taking damage. [an orb of fire]
123887 | Zig:25   | Killed an orb of fire
123890 | Zig:25   | Killed an orb of fire
123893 | Zig:25   | Gained mutation: You can spit weak poison. [an orb of fire]
123895 | Zig:25   | Gained mutation: Your spells are a little easier to cast, but a little less powerful. [an orb of fire]
123897 | Zig:25   | Killed an orb of fire
123898 | Zig:25   | Killed an orb of fire
123900 | Zig:25   | Killed an orb of fire
124107 | Zig:25   | Got a clouded marble ring
124108 | Zig:25   | Identified the ring of Meocac {+/*Tele rF+ Str-5 Int+11 Dex-3} (You found it on level 25 of a ziggurat)
124151 | Zig:26   | Entered Level 26 of a ziggurat
124187 | Zig:26   | Reached skill level 1 in Evocations
124215 | Zig:26   | Reached skill level 5 in Evocations
124233 | Zig:26   | Gained mutation: Armour fits poorly on your strangely shaped body. [mutagenic glow]
124313 | Zig:26   | Gained mutation: You are frail (-10% HP). [mutagenic glow]
124574 | Zig:26   | Lost mutation: You can spit weak poison. [potion of cure mutation]
124574 | Zig:26   | Lost mutation: Your spells are a little easier to cast, but a little less powerful. [potion of cure mutation]
124574 | Zig:26   | Lost mutation: Armour fits poorly on your strangely shaped body. [potion of cure mutation]
124574 | Zig:26   | Lost mutation: You have supernaturally acute eyesight. [potion of cure mutation]
124574 | Zig:26   | Lost mutation: Your body often deteriorates upon taking damage. [potion of cure mutation]
124575 | Zig:26   | Lost mutation: You are frail (-10% HP). [potion of cure mutation]
124575 | Zig:26   | Lost mutation: You are weak. (Str -2) [potion of cure mutation]
124575 | Zig:26   | Lost mutation: Your body sometimes deteriorates upon taking damage. [potion of cure mutation]
124575 | Zig:26   | Lost mutation: You have large cloven feet. [potion of cure mutation]
124602 | Zig:26   | Reached skill level 10 in Evocations
124605 | Zig:27   | Entered Level 27 of a ziggurat
124841 | Zig:27   | Got a shimmering graven amulet
124842 | Zig:27   | Identified the amulet of Ifutot {rCorr *Confuse rC++ MR+ Dex+2} (You found it on level 27 of a ziggurat)
125138 | Pan      | Noticed Defulil the pandemonium lord
125173 | Pan      | Killed Defulil the pandemonium lord
125228 | Pan      | Reached skill level 15 in Evocations
125312 | Pan      | Noticed Ignacio
125319 | Pan      | Killed Ignacio
125449 | Pan      | Found an exit through the horrors of the Abyss.
126089 | Pan      | Noticed Mysoc the pandemonium lord
126094 | Pan      | Killed Mysoc the pandemonium lord
126112 | Depths:3 | Escaped Pandemonium
126375 | Zot:5    | Got the Orb of Zot
126439 | Zot:5    | Noticed Azuitynk the pandemonium lord
126478 | Zot:3    | Noticed Estuesh the pandemonium lord
126488 | Zot:3    | Killed Estuesh the pandemonium lord
126758 | Depths:1 | Noticed Zekoaps the pandemonium lord
127111 | D:8      | Noticed Merho Itar the pandemonium lord
127119 | D:8      | Killed Merho Itar the pandemonium lord
127175 | D:7      | Noticed Heniweec the pandemonium lord
127186 | D:7      | Killed Heniweec the pandemonium lord
127188 | D:7      | Noticed Isirgh the pandemonium lord
127198 | D:7      | Killed Isirgh the pandemonium lord
127438 | D:$      | Escaped with the Orb!

Vault maps used:
D:1:      saegor_arrival_simple_a
D:2:      zin_statuary, ecumenical_altar_1
D:3:      minmay_goblin_kobold_castle, overflow_temple_1_default
D:4:      old_standard_altar, first_bread
D:5:      nicolae_ru_sacrificial_ziggurat, serial_curves, eino_curves_03,
          eino_curves_03, uniq_pikel
D:6:      cheibrodos_worm_habitat, minmay_temple_entry_overgrown,
          gup_ossuary_entry_pyramid, nemelex_dance_club_becter
D:8:      uniq_joseph
D:9:      minmay_orc_entry_temple_small
D:10:     lair_0_dummy, serial_shops, nicolae_shop_window_shopping
D:11:     grunt_pizzeria
D:12:     kennysheep_treasure_stockpile, serial_shops, shop
D:13:     minmay_misc_feat_cross, uniq_frances
D:14:     grunt_vaults_entry_tiered, basic_altar, lemuel_flamethrower_3,
          uniq_maud
D:15:     gammafunk_depths_entry_grave, hangedman_decor_opposing,
          fedhas_altar_1, uniq_nessos
Temple:   chambers_temple_14
Lair:1:   serial_bayou_shore_a
Lair:2:   uniq_gastronok
Lair:3:   minmay_shoals_entry_centaurs, portal_ice_cave_entry_imps,
          grunt_forest_large_clearing_hut, serial_bayou_shore_b,
          lemuel_fruit_tree, grunt_megastairs_2, uniq_fannar
Lair:4:   guppyfry_snake_entry_garden
Lair:5:   serial_bayou_shore_b
Lair:7:   minmay_slime_entry_oklob_enclosed, serial_bayou_shore_b,
          serial_bayou_shore_b, infiniplex_staircase_pool
Lair:8:   grunt_lair_end_beastmaster, columned_hall_lemuel, grunt_megastairs_3
Shoals:3: hangedman_feature_mirror
Shoals:4: nicolae_shoals_island_circles, shoals_end_hangedman,
          shoals_ilsuiw_alternative, uniq_roxanne, uniq_aizul
Snake:2:  serial_shops, shop_statue, fake_guardian_serpent_vault
Snake:3:  uniq_donald
Snake:4:  snake_pit, grunt_ministairs_9, serial_bayou_pond_b,
          hangedman_snake_wide_pillar_pass, guppyfry_snake_island
Slime:2:  cheibrodos_slime_lost_civilization_2
Slime:3:  basic_altar
Slime:5:  cheibrodos_slime_lost_civilization_6
Orc:2:    lightli_church_of_beogh
Orc:3:    nicolae_orc_accident_2, nicolae_orc_pool_cavern, led_sif_book
Orc:4:    grunt_orc_gardens, grunt_orc_garden, grunt_orc_garden,
          grunt_orc_garden, grunt_orc_garden
Elf:1:    minmay_elf_arrival_circle, serial_shops, shop, evilmike_minifort
Elf:2:    serial_sigils, serial_sigils_hangedman_confine,
          serial_sigils_hangedman_carve, serial_sigils_hangedman_scratch,
          serial_sigils_hangedman_writhe, serial_sigils_hangedman_shear,
          uniq_saint_roka
Elf:3:    grunt_elf_hall_asides, serial_shops, shop, grunt_ministairs_12,
          uniq_mara, uniq_nikola
Vaults:1: v_alt_pattern_3, ontoclasm_vaults_decontamination,
          vaults_room_ringed_pool, ontoclasm_vaults_fault, v_misc_22,
          vaults_standard_mumra_lines, v_pattern_1, ontoclasm_vaults_spin,
          nicolae_vaults_border_crossing, serial_shops, shop
Vaults:2: minmay_crypt_entry_simple_round, v_misc_2,
          ontoclasm_vaults_claustrophobia, nicolae_vaults_little_squares_2,
          v_misc_10, vaults_mumra_minichess_inversion, vaults_dpeg_diagonal,
          ontoclasm_vaults_pinch, dpeg_vaults_monster_box, v_misc_31, v_misc_1,
          nicolae_vaults_asterisk, serial_ice_g, grunt_vaults_hallway_long,
          v_misc_15, serial_shops, nicolae_shop_crystal, uniq_boris,
          uniq_mennas, uniq_asterion
Vaults:3: grunt_vaults_trifunnel, vaults_room_large_hall, vaults_room_pools,
          hangedman_vaults_restitches, ontoclasm_vaults_bender,
          nicolae_vaults_sealed_display, v_misc_19, v_misc_24,
          vaults_room_grunt_arrival_ludios, v_misc_12, serial_shops,
          nicolae_shop_behind_doors
Vaults:4: vaults_room_corners, ontoclasm_vaults_ligature, ontoclasm_vaults_eye,
          v_rooms_2, metal_show, hangedman_vaults_capsules,
          hangedman_vaults_corner_blocks, v_misc_30, v_misc_22,
          nicolae_vaults_rhombus_6, st_lattice, ontoclasm_vaults_misaligned,
          nicolae_vaults_shelves_hall
Vaults:5: serial_shops
Crypt:1:  ragdoll_tomb_raider, st_stairs_14, hex_large,
          serial_sigils_hangedman_quiver
Crypt:3:  lightli_unholy_cathedral, tomb_entry_pyramid_bobbens, uniq_jory
Depths:1: nrook_guardian_serpent_snake_passage, grunt_hell_entry_dis_old,
          abyss_entry_flame_altar, minmay_misc_feat_ornament, laboratory
Depths:2: thingy_vault, pf_vacation_house_of_asmodeus, serial_shops, shop,
          infiniplex_staircase_zigzag_4
Depths:3: lemuel_ice_spiral_2, enter_ziggurat_b, rand_demon_pan_entry_7,
          hangedman_coc_ice_floe, fountainhead
Depths:4: fort_yaktaur, grunt_mini_vestibule, abyss_entry, spider_trap,
          kennysheep_kite_vault
Depths:5: grunt_runaround, abyss_entry, hell_entry
Dis:3:    hangedman_player_shredder
Dis:7:    dis_hangedman
Geh:1:    minmay_fire_ice_demons
Geh:3:    nicolae_geh_sunburst
Geh:7:    geh_old
Coc:3:    lemuel_elevator
Coc:5:    grunt_deathspiral_small
Coc:6:    serial_ice
Coc:7:    coc_dpeg
Tar:1:    nicolae_tar_cuneiform_bird
Tar:3:    nicolae_tar_cuneiform_not
Tar:5:    hangedman_mysterious_dungeon_monster_house
Tar:7:    tar_grunt_ereshkigal, tar_grunt_big_loot, tar_grunt_small_loot,
          tar_grunt_small_loot, tar_grunt_small_loot,
          tar_grunt_small_decor_pillar, tar_grunt_decor_cross_ortho,
          tar_grunt_decor_3, tar_grunt_small_decor_pillar,
          tar_grunt_small_decor_pillar, tar_grunt_small_decor_pillar,
          tar_grunt_decor_cross_diag, tar_grunt_small_decor_pillar,
          tar_grunt_decor_1, tar_grunt_small_decor_pillar, tar_grunt_decor_1,
          tar_grunt_decor_cross_diag, tar_grunt_small_decor_pillar,
          tar_grunt_decor_cross_diag, tar_grunt_decor_circle_5
Zot:1:    hangedman_snap_crack_crunch
Abyss:1:  guppyfry_abyss_exit_imp_island
Abyss:2:  evilmike_abyss_exit_17, minivault_5, evilmike_abyss_exit_disperse,
          evilmike_abyss_exit_3
Abyss:3:  evilmike_abyss_exit_chaos, minivault_11, lemuel_flamethrower_3
Abyss:4:  hangedman_decor_points, hangedman_decor_lopped, kb_abyss_rune_zappy,
          evilmike_abyss_exit_mutagenic
Abyss:5:  hangedman_classic_abyss_death, evilmike_abyss_rune_ettins
Pan:      grunt_pan_frozen_over, rand_demon_3, pan_blood_fountain_small,
          rand_demon_1, evilmike_holy_pan, rand_demon_5,
          nicolae_pan_mnolegish_2, lemuel_hall_of_pain, pan_captured_pigsty,
          evilmike_mini_pan_pillars, evilmike_mini_pan_corner,
          pan_blood_fountain, nicolae_pan_glass_arcs, grunt_pan_pentagram,
          pan_blood_fountain_small, nicolae_pan_hourglass, rand_demon_9,
          evilmike_mini_pan_corridor, rand_demon_9, pan_blood_fountain_small,
          reaverb_pan_squares, grunt_pan_sceptre, evilmike_mini_pan_corner,
          enter_ziggurat_pan_a, nicolae_pan_cerebovesque_4,
          nicolae_pan_door_chamber, evilmike_mini_pan_thingy,
          pan_blood_fountain_small, evilmike_mini_pan_possible_glass,
          enter_ziggurat_pan_a, rand_demon_4, lom_lobon, gloorx_vloq_st,
          pan_blood_fountain_2, grunt_pan_sceptre, pan_blood_fountain_2,
          nicolae_pan_sigil_obb, rand_demon_9, nicolae_pan_strange_glyphs,
          nicolae_pan_gloorx_vloqian_4, lemuel_hellion_island, grunt_pan_zigzag,
          nicolae_pan_door_chamber, nicolae_pan_mnolegish_5,
          evilmike_mini_pan_doors_b, pan_blood_fountain_2, mnoleg_grunt,
          cerebov_grunt, pan_blood_fountain_small, pan_blood_fountain,
          grunt_pan_sceptre, grunt_pan_spiral, evilmike_mini_pan_thingy,
          nicolae_pan_glass_arcs, pan_blood_fountain_small,
          evilmike_mini_pan_pillars, evilmike_mini_pan_3x3, pan_blood_fountain,
          evilmike_mini_pan_layers, pan_blood_fountain_small,
          evilmike_mini_pan_corridor, evilmike_mini_pan_diamond,
          pan_blood_fountain, rand_demon_8, evilmike_mini_pan_possible_glass,
          pan_blood_fountain_2, nicolae_pan_diamonds, grunt_pan_spiral,
          grunt_pan_zigzag, nicolae_pan_cerebovesque_2,
          evilmike_mini_pan_diamond, evilmike_mini_pan_other_thingy,
          nicolae_pan_sigil_itan, nicolae_pan_door_chamber,
          nicolae_pan_strange_glyphs, nicolae_pan_glass_arcs,
          nicolae_pan_lom_lobonic_1, evilmike_mini_pan_3x3, grunt_pan_sceptre,
          evilmike_mini_pan_doors_b, pan_blood_fountain_2,
          nicolae_pan_lom_lobonic_3, nicolae_pan_hourglass,
          pan_blood_fountain_small, enter_ziggurat_pan_b, evilmike_mini_pan_T,
          pan_blood_fountain_small, uniq_ignacio,
          evilmike_mini_pan_other_thingy, nicolae_pan_cerebovesque_1
Zig:3:    ziggurat_pillar_centre_c
Zig:11:   ziggurat_loot_2
Zig:13:   ziggurat_pillar_centre_dead_trees
Zig:14:   ziggurat_pillar_centre_smoke
Zig:15:   ziggurat_pillar_centre_oklobs
Zig:19:   ziggurat_pillar_centre_drop
Ossuary:  ossuary_tomb_1
IceCv:    ice_cave_caverns_01

Action                   |  1- 3 |  4- 6 |  7- 9 | 10-12 | 13-15 | 16-18 | 19-21 | 22-24 | 25-27 || total
-------------------------+-------+-------+-------+-------+-------+-------+-------+-------+-------++-------
Melee: War axe           |   116 |   195 |   332 |   596 |  1181 |       |       |       |       ||  2420
       Broad axe         |       |       |       |       |    92 |  1253 |  1344 |  1367 |  3586 ||  7642
       Executioner's axe |       |       |       |       |       |       |       |       |  7648 ||  7648
       Unarmed           |       |       |       |       |       |       |       |       |     3 ||     3
 Cast: Fire Storm        |       |       |       |       |       |       |       |       |    97 ||    97
       Repel Missiles    |       |       |       |       |       |       |       |       |     3 ||     3
       Chain Lightning   |       |       |       |       |       |       |       |       |     3 ||     3
       Spectral Weapon   |       |       |       |       |       |       |       |       |     3 ||     3
       Apportation       |       |       |       |       |       |       |       |       |     2 ||     2
       Deflect Missiles  |       |       |       |       |       |       |       |       |     2 ||     2
       Haste             |       |       |       |       |       |       |       |       |     1 ||     1
Invok: Recite            |       |       |       |     1 |     8 |     4 |     5 |     1 |    21 ||    40
       Vitalisation      |       |       |       |     2 |    11 |    17 |    11 |    17 |    32 ||    90
       Summon Divine War |       |       |       |       |       |       |       |       |    10 ||    10
       Divine Shield     |       |       |       |       |       |       |       |       |     7 ||     7
       Cleansing Flame   |       |       |       |       |       |       |       |       |     5 ||     5
 Abil: Evoke Flight      |       |       |       |       |       |       |       |       |    10 ||    10
       Stop Flying       |       |       |       |       |       |       |       |       |     2 ||     2
Evoke: Wand              |       |       |       |     1 |     6 |    14 |     4 |     3 |    90 ||   118
       Lamp of fire      |       |       |       |       |       |       |       |       |     1 ||     1
  Use: Scroll            |     2 |     1 |       |    15 |    22 |    16 |    15 |     9 |   146 ||   226
       Potion            |       |     1 |       |     5 |       |     4 |     5 |    11 |   107 ||   133
 Stab: Invisible         |       |       |       |     4 |     8 |     2 |     2 |       |       ||    16
       Confused          |       |       |       |       |     9 |     5 |     2 |     1 |    38 ||    55
       Paralysed         |       |       |       |       |    12 |     1 |     2 |       |     6 ||    21
       Distracted        |       |       |       |       |       |       |     1 |       |     1 ||     2
       Petrified         |       |       |       |       |       |       |       |       |     7 ||     7
       Petrifying        |       |       |       |       |       |       |       |       |     5 ||     5
  Eat: Chunk             |       |     3 |    13 |    16 |    26 |    14 |    11 |     5 |    14 ||   102
       Bread ration      |       |     1 |       |       |       |       |     1 |       |     6 ||     8
       Beef jerky        |       |       |     1 |     1 |     1 |     3 |     2 |       |    18 ||    26
       Fruit             |       |       |       |     2 |    11 |     6 |     7 |     2 |    40 ||    68
       Meat ration       |       |       |       |       |     2 |     3 |     3 |     5 |    41 ||    54
       Pizza             |       |       |       |       |     1 |     1 |     5 |     5 |    10 ||    22
       Royal jelly       |       |       |       |       |       |     2 |     1 |     2 |    26 ||    31
